 Dungeon Crawl Stone Soup version 0.30.0-20-g3615ddf2f0 (webtiles) character file.

Game seed: 6327439028314792018

415522 qw the Hoplite (level 23, -5/176 HPs)
             Began as a Gargoyle Fighter on June 1, 2023.
             Was a High Priest of Okawaru.
             Killed by the air
             ... invoked by a titan
              (35 damage)
             ... on level 5 of the Vaults.
             The game lasted 00:27:32 (45841 turns).

qw the Hoplite (Gargoyle Fighter)                  Turns: 45841, Time: 00:27:32

Health: -5/176     AC: 62    Str: 31    XL:     23   Next: 60%
Magic:  25/30      EV: 30    Int: 12    God:    Okawaru [*****.]
Gold:   1150       SH: 27    Dex: 23    Spells: 22/22 levels left

rFire   + + .        k - +8 broad axe of Ehusarph {freeze, rF+ Dex+2}
rCold   + . .        h - +0 tower shield
rNeg    + . .        B - +11 plate armour "Hediemum" {rPois}
rPois   inf          u - +2 hat of Heriar {Will+ rCorr Str+2 Int+3 Stlth+}
rElec   +            o - +2 cloak of the Blizzard {rC+ Dex+4}
rCorr   +            E - +1 pair of gloves of Wusalyome {rElec rF+ Dex+4 SInv}
SInv    +            m - +2 pair of boots
Will    ++...        r - amulet of faith Stlth
                     J - +5 ring of evasion
HPRegen 0.49/turn    I - +5 ring of evasion
MPRegen 0.22/turn

%: faith
@: heroic, finesse-ful, marked, flying
A: sickness immunity, AC +17, big wings, negative energy resistance 1,
electricity resistance, torment resistance 1, petrification resistance, horns 1,
agile 1, robust 1
}: 2/15 runes: decaying, serpentine
a: Renounce Religion, Heroism, Finesse, Duel


You were on level 5 of the Vaults.
You worshipped Okawaru.
Okawaru was extremely pleased with you.
You visited 8 branches of the dungeon, and saw 40 of its levels.
You also visited: Sewer.

You collected 4728 gold pieces.
You spent 3578 gold pieces at shops.


Innate Abilities, Weirdness & Mutations

You are immune to sickness and miasma.
Your stone body is resilient. (AC +17)
You are immune to poison.
Your large and strong wings let you fly.
You resist negative energy. (rN+)
You are resistant to electric shocks. (rElec)
You are resistant to unholy torment.
You are immune to petrification.
You have a pair of small horns on your head.
You are agile. (Dex +4, Str/Int -1)
You are robust. (+10% HP)


   Skills:
 - Level 21.0(26.0) Fighting
 - Level 18.0(23.0) Axes
 - Level 12.0(17.0) Throwing
 + Level 19.4(24.4) Armour
 - Level 11.0(16.0) Dodging
 - Level 21.0(26.0) Shields
 - Level 10.0 Invocations


You had 22 spell levels left.
You didn't know any spells.
Your spell library was empty.

Inventory:

Hand Weapons
 k - the +8 broad axe of Ehusarph (weapon) {freeze, rF+ Dex+2}
   (You acquired it on level 3 of the Dungeon)

   Dex:       It affects your dexterity (+2).
   rF:        It protects you from fire.
Missiles
 c - 3 silver javelins (quivered)
 v - 16 javelins
 y - 8 boomerangs of dispersal
 z - 30 boomerangs
Armour
 h - a +0 tower shield (worn)
 m - a +2 pair of boots (worn)
 o - the +2 cloak of the Blizzard (worn) {rC+ Dex+4}
   (You found it on level 2 of the Dungeon)

   Dex:       It affects your dexterity (+4).
   rC:        It protects you from cold.
 u - the +2 hat of Heriar (worn) {Will+ rCorr Str+2 Int+3 Stlth+}
   (Okawaru gifted it to you on level 3 of the Vaults)

   Str:       It affects your strength (+2).
   Int:       It affects your intelligence (+3).
   rCorr:     It protects you from acid and corrosion.
   Will:      It increases your willpower.
   Stlth:     It makes you more stealthy.
 B - the +11 plate armour "Hediemum" (worn) {rPois}
   (You found it on level 11 of the Dungeon)

   rPois:     It protects you from poison.
 E - the +1 pair of gloves of Wusalyome (worn) {rElec rF+ Dex+4 SInv}
   (Okawaru gifted it to you on level 1 of the Depths)

   Dex:       It affects your dexterity (+4).
   rF:        It protects you from fire.
   rElec:     It insulates you from electricity.
   SInv:      It lets you see invisible.
 M - the +0 cloak of Ylilleav {rElec Will- rCorr Stlth+}
   (You found it on level 4 of the Depths)

   rElec:     It insulates you from electricity.
   rCorr:     It protects you from acid and corrosion.
   Will:      It decreases your willpower.
   Stlth:     It makes you more stealthy.
Jewellery
 f - a ring of protection from cold
 l - a ring of protection from fire
 r - an amulet of faith (around neck)
 A - a ring of protection from cold
 C - a ring of protection from fire
 F - an amulet of regeneration
 H - a ring of resist corrosion
 I - a +5 ring of evasion (right hand)
 J - a +5 ring of evasion (left hand)
 K - the amulet of Huirph {Acrobat Harm Regen+ MP+9}
   (You bought it in a shop on level 4 of the Snake Pit)

   [amulet of the acrobat]

   It increases your evasion while moving and waiting.
   MP:        It affects your magic capacity (+9).
   Regen:     It increases your rate of health regeneration.
   Harm:      It increases damage dealt and taken.
 L - the ring of the Cockatrice {Ice rN+ Will- Int+2 Slay+3}
   (You took it off a spriggan defender on level 3 of the Depths)

   [ring of ice]

   It enhances your ice magic.
   Int:       It affects your intelligence (+2).
   Slay:      It affects your accuracy & damage with ranged weapons and melee
   (+3).
   rF:        It makes you vulnerable to fire.
   rC:        It protects you from cold.
   rN:        It protects you from negative energy.
   Will:      It decreases your willpower.
Wands
 x - a wand of digging (21)
Scrolls
 b - 7 scrolls of identify
 q - a scroll of brand weapon
 w - 7 scrolls of teleportation
 D - 8 scrolls of enchant weapon
 G - a scroll of enchant armour
Potions
 a - 11 potions of mutation
 d - 10 potions of might
 e - 19 potions of curing
 g - a potion of resistance
 i - 13 potions of attraction
 j - 3 potions of heal wounds
 n - 4 potions of haste
 p - 4 potions of lignification
 s - 6 potions of cancellation
 t - 3 potions of magic

Dungeon Overview and Level Annotations

Branches:
Dungeon (15/15)            Temple (1/1) D:4            Lair (5/5) D:8
  Swamp (4/4) Lair:3        Snake (4/4) Lair:2        Slime (0/5) Lair:5
    Orc (2/2) D:11            Elf (0/3) Orc:2        Vaults (5/5) D:14
  Crypt (0/3) Vaults:2     Depths (4/4) D:15            Zot (0/5) Depths:4
  Sewer (visited)

Altars:
Ashenzari
Cheibriados
Dithmenos
Elyvilon
Fedhas
Gozag
Hepliaklqana
Kikubaaqudgha
Makhleb
Nemelex Xobeh
Okawaru
Qazlal
Ru
Sif Muna
Trog
Uskayaw
Vehumet
Wu Jian
Xom
Yredelemnul
Zin
The Shining One

Shops:
D:3 ?::   D:4 *   D:11 (   D:12 [   Orc:2 [*(:   Snake:3 *   Snake:4 =:=(
Vaults:2 [   Vaults:3 (   Vaults:4 [   Depths:2 [?(

Portals:
Hell: Depths:1 Depths:3 Depths:4
Abyss: Vaults:4 Depths:3
Pandemonium: Depths:1 Depths:2 Depths:3
Ziggurat: Depths:4
Trove: D:12 (show abyssal rune of Zot)

Annotations:
D:4 2 transporters
Swamp:1 2 transporters, Dorofeb's ghost, adept GrFi
Vaults:4 2 transporters, Bailed's ghost, veteran MiMo


Message History

The ettin is moderately wounded.
You completely miss the ettin.
You headbutt the ettin, but do no damage.
The ettin is moderately wounded.
You slice the ettin!! You freeze the ettin! Your headbutt misses the ettin.
The ettin is almost dead.
The vault warden activates a sealing rune.
The vault warden completely misses you. You block the ettin's attack. x2
You slice the ettin!! You freeze the ettin.
You kill the ettin!
Okawaru accepts your kill.
You slash the ogre mage! You freeze the ogre mage. You slice the ogre mage!!
You freeze the ogre mage!
The ogre mage is almost dead.
You slash the ogre mage! You freeze the ogre mage.
You kill the ogre mage!
Okawaru accepts your kill.
The ironbound convoker casts a spell at the titan.
The titan seems to grow stronger.
The ironbound convoker casts a spell at the brown very ugly thing.
The brown very ugly thing seems to grow stronger.
The titan waves its arms in wide circles.
The air twists around and strikes you. You block the vault warden's attack.
You slice the stone giant!! You freeze the stone giant!
You headbutt the stone giant.
The stone giant is moderately wounded.
You slash the stone giant! You freeze the stone giant.
The stone giant is severely wounded.
You slice the stone giant!! You freeze the stone giant!
You headbutt the stone giant, but do no damage.
The stone giant is almost dead.
You block the vault warden's attack.
The quicksilver dragon breathes dispelling energy at you.
The bolt of dispelling energy hits you!!
Your magical effects are unravelling.
The ironbound convoker gestures at the shadow dragon while chanting.
The shadow dragon seems to grow stronger.
The titan waves its arms in wide circles.
The air twists around and strikes you!!
You die...

#....# #....#
#....# #....#
#....# #....#
#....# #....#
#..#.D.@#
#..#.pCe# .
###..#Cp.C# ..
...)#puDp#...
.Cpp...pD...
######...p.c..##
......)))<<.....
.....)))<).<....
.....p))u<<.....


You could see 2 shadow dragons, 2 titans, a brown very ugly thing (strong), a
quicksilver dragon (catching breath), a stone giant (strong), 3 vault wardens, 2
vault guards, a deep elf sorcerer, 3 ironbound convokers and a yaktaur.

Vanquished Creatures
  Mara (Swamp:4)
  3 juggernauts (Depths:3)
  Sojobo (Vaults:4)
  Margery (Vaults:3)
  Vashnia (Snake:2)
  3 caustic shrikes (Depths:4)
  Jory (Vaults:4)
  A golden dragon (Depths:4)
  2 bone dragons (Depths:4)
  2 tentacled monstrosities
  Jorgrun (Swamp:3)
  Mlioglotl (Snake:4)
  A lich (Depths:1)
  A walking divine tome (Depths:3)
  3 titans
  3 sphinxes
  Kirke (Lair:5)
  2 shadow dragons
  3 thorn hunters
  A storm dragon (Depths:3)
  Donald (Swamp:1)
  5 tengu reavers
  5 nagarajas (Snake:4)
  A draconian monk (Depths:4)
  4 iron dragons
  7 fire giants
  15 frost giants
  A balrug (Depths:3)
  A fenstrider witch (Swamp:4)
  22 vault wardens
  A draconian scorcher (Depths:4)
  A deep elf sorcerer (Vaults:5)
  Aizul (Snake:1)
  3 orc warlords
  20 very ugly things
  A cacodemon (Depths:1)
  2 ghouls (Swamp:4)
  A draconian annihilator (Depths:4)
  2 vampire knights
  4 ironbound thunderhulks
  A spriggan defender (Depths:3)
  25 ironbound preservers
  10 stone giants
  Nessos (D:14)
  2 eleionomae
  3 bunyips
  A red draconian (Depths:4)
  8 dire elephants
  5 spark wasps
  3 white draconians (Depths:4)
  An eidolon (Vaults:2)
  Snorg (Orc:1)
  A blizzard demon (Depths:3)
  A crystal guardian (Vaults:2)
  5 ettins
  4 entropy weavers
  8 fire dragons
  A deep elf high priest (Vaults:5)
  11 yaktaur captains
  5 great orbs of eyes
  A shambling mangrove (Swamp:4)
  44 vault guards
  7 ice dragons
  2 peacekeepers
  A hell beast (Depths:3)
  A rakshasa (Depths:3)
  5 ghost crabs
  20 hydras
  3 ogre magi
  10 anacondas
  Harold (D:9)
  7 ironbound frosthearts
  4 spriggan air magi
  5 catoblepae
  9 two-headed ogres
  5 alligators
  5 boulder beetles
  2 spriggan skeletons (Depths:1)
  3 death yaks (Lair:5)
  12 centaur warriors
  A death knight (D:15)
  5 tengu warriors
  4 deep troll shamans (Depths:3)
  7 spriggan berserkers
  10 naga warriors
  4 deep troll earth magi
  16 naga sharpshooters
  6 shock serpents
  10 hell knights
  Amaemon (D:9)
  2 salamander mystics
  4 skysharks
  A soul eater (Depths:3)
  2 skeletal warriors
  3 iron trolls
  6 goliath frogs
  3 glowing orange brains
  4 flayed ghosts
  7 spriggan druids
  A deep troll (shapeshifter) (D:12)
  28 deep trolls
  7 bog bodies
  13 swamp dragons
  9 wizards
  16 orc knights
  11 naga ritualists
  A golden dragon skeleton (Depths:1)
  11 mana vipers
  16 lindwurms
  A harpy (shapeshifter) (Vaults:4)
  4 necromancers
  5 phantasmal warriors
  22 ironbound convokers
  A deep elf pyromancer (D:10)
  A will-o-the-wisp (Swamp:2)
  13 salamanders
  9 cyclopes
  4 orc sorcerers
  43 ugly things
  2 manticores (D:14)
  A moth of wrath (shapeshifter) (D:15)
  A manticore (shapeshifter) (Vaults:5)
  41 black mambas
  A rust devil (Depths:1)
  15 elephants
  7 guardian serpents
  Maurice (D:9)
  20 vault sentinels
  12 naga magi
  A cane toad (shapeshifter) (D:13)
  23 cane toads
  A gargoyle (D:12)
  An orange demon (D:9)
  A rime drake (Lair:3)
  A kobold demonologist (Depths:3)
  A yaktaur (shapeshifter) (D:13)
  A rime drake (shapeshifter) (D:13)
  32 yaktaurs
  8 komodo dragons
  A golden dragon simulacrum (Depths:1)
  An ice devil (Depths:1)
  3 tengu conjurers
  2 red devils
  A meliai (D:12)
  2 polar bears
  13 tyrant leeches
  16 trolls
  A merfolk (shapeshifter) (Vaults:5)
  21 blink frogs
  12 hornets
  5 dream sheep
  49 slime creatures
  A centaur simulacrum (D:15)
  A shadow (D:13)
  3 water elementals (Depths:2)
  A jumping spider (Vaults:5)
  5 wraiths
  A vampire (D:12)
  5 hogs (Lair:5)
  8 spriggans
  28 yaks
  Eustachio (D:6)
  6 wyverns
  6 basilisks
  4 steam dragons
  25 vampire mosquitoes
  9 redbacks
  A neqoxec (Depths:1)
  5 wargs
  23 nagas
  23 swamp worms
  2 acid dragons
  18 water moccasins
  A sky beast (D:8)
  9 swamp drakes
  Duvessa (D:5)
  3 ice beasts
  29 orc warriors
  3 black bears (D:5)
  12 ogres
  A boggart (Vaults:1)
  6 centaurs
  10 wolves
  A phantom (D:4)
  4 kobold brigands
  19 bullfrogs
  4 gnoll sergeants
  7 earth elementals (Depths:1)
  3 scorpions
  19 wights
  Dowan (D:5)
  12 killer bees
  A killer bee (shapeshifter) (D:14)
  9 electric eels
  6 howler monkeys
  5 hounds
  6 jellies
  10 orc priests
  A gnoll bouda (D:10)
  A hell rat (Lair:2)
  Natasha (thrice) (D:4)
  An iguana (D:4)
  2 sleepcaps
  16 orc wizards
  17 gnolls
  12 adders
  A river rat (Sewer)
  A white imp (D:6)
  4 ufetubi
  7 worms
  A dart slug (D:1)
  64 orcs
  11 ball pythons
  13 endoplasms
  10 giant cockroaches
  10 goblins
  4 hobgoblins
  5 jackals
  19 kobolds
  5 quokkas
  7 bats
  13 frilled lizards
  7 rats
  A butterfly (Lair:1)
  A fire vortex (Lair:5)
1580 creatures vanquished.

Vanquished Creatures (others)
  An alligator (Swamp:4)
  An ironbound convoker (Vaults:3)
  A lindwurm (Swamp:4)
  A will-o-the-wisp (Swamp:4)
  A hornet (Swamp:4)
  2 bloated husks
  2 spriggans (Swamp:4)
  2 swamp worms (Swamp:4)
  An orc warrior (Orc:2)
12 creatures vanquished.

Grand Total: 1592 creatures vanquished

Notes
Turn   | Place    | Note
-------+----------+-------------------------------------------
     0 | D:1      | qw the Gargoyle Fighter began the quest for the Orb.
     0 | D:1      | Reached XP level 1. HP: 14/14 MP: 1/1
     0 | D:1      | 0 ||| qw: Version: 0.2-a-102-gdf20003
     0 | D:1      | 0 ||| qw: Game counter: 755
     0 | D:1      | 0 ||| qw: Always use a shield: true
     0 | D:1      | 0 ||| qw: God list: Okawaru
     0 | D:1      | 0 ||| qw: Allow faded altars: false
     0 | D:1      | 0 ||| qw: Do Orc after D:15 true
     0 | D:1      | 0 ||| qw: Do second Lair branch before Depths: true
     0 | D:1      | 0 ||| qw: Lair rune preference: random
     0 | D:1      | 0 ||| qw: Plans: Normal, Zot:1-4, Slime:5, God:TSO, Crypt,
                  | Tomb, Pan, Hells, Abyss, Win
     0 | D:1      | 0 ||| PLANNING D:1-11
   102 | D:1      | Reached XP level 2. HP: 19/19 MP: 2/2
   363 | D:1      | Found a faded altar of an unknown god.
   364 | D:1      | Noticed a floating eye
   366 | D:1      | Noticed a golden eye
   366 | D:1      | Noticed a golden eye
   366 | D:1      | Noticed a shining eye
   488 | D:1      | 488 ||| Stepping ~*~*~tactically~*~*~ (stealth).
   499 | D:1      | Reached skill level 3 in Axes
   544 | D:1      | Reached XP level 3. HP: 23/23 MP: 3/3
   830 | D:1      | 830 ||| UPGRADING to +0 chain mail.
   840 | D:1      | 840 ||| DROPPING +0 scale mail.
   841 | D:1      | 841 ||| UPGRADING to +0 pair of boots.
   846 | D:1      | 846 ||| UPGRADING to ring of positive energy.
   847 | D:1      | 847 ||| UPGRADING to ring of protection from cold.
   848 | D:1      | 848 ||| READING scroll labelled VYAWAC OMYOR.
   949 | D:1      | 949 ||| READING scroll labelled LUCSAU CEASS.
   950 | D:1      | 950 ||| READING scroll labelled ISECZU KOH DOY.
   951 | D:1      | 951 ||| DRINKING 2 dark potions.
   952 | D:1      | 952 ||| DRINKING 2 murky coppery potions.
   952 | D:1      | Gained mutation: Your natural rate of healing is unusually
                  | fast. [potion of mutation]
   952 | D:1      | Gained mutation: You are frail. (-10% HP) [potion of
                  | mutation]
   952 | D:1      | Lost mutation: Your natural rate of healing is unusually
                  | fast. [potion of mutation]
   953 | D:1      | 953 ||| DRINKING potion of mutation.
   953 | D:1      | Lost mutation: You are frail. (-10% HP) [potion of
                  | mutation]
   953 | D:1      | Gained mutation: You possess an exceptional clarity of
                  | mind. [potion of mutation]
   953 | D:1      | Gained mutation: Your flesh is cold resistant. (rC+)
                  | [potion of mutation]
   965 | D:1      | 965 ||| DRINKING 2 smoky cyan potions.
  1064 | D:2      | Found a white marble altar of Elyvilon.
  1091 | D:2      | 1091 ||| Stepping ~*~*~tactically~*~*~ (stealth).
  1092 | D:2      | 1092 ||| Stepping ~*~*~tactically~*~*~ (stealth).
  1135 | D:2      | Reached XP level 4. HP: 28/28 MP: 4/4
  1355 | D:2      | Identified the +2 cloak of the Blizzard {rC+ Dex+4}
  1629 | D:2      | 1629 ||| UPGRADING to +2 cloak of the Blizzard {rC+ Dex+4}.
  1634 | D:2      | 1634 ||| READING scroll labelled NIWIRYCV VOFOTEI.
  1635 | D:2      | 1635 ||| READING 3 scrolls of identify.
  1635 | D:2      | 1635 ||| IDENTIFYING gluggy blue potion
  1636 | D:2      | 1636 ||| READING 2 scrolls of identify.
  1636 | D:2      | 1636 ||| IDENTIFYING murky puce potion
  1637 | D:2      | 1637 ||| DROPPING potion of brilliance.
  1763 | D:3      | Reached skill level 1 in Dodging
  1831 | D:3      | 1831 ||| Stepping ~*~*~tactically~*~*~ (stealth).
  1832 | D:3      | 1832 ||| Stepping ~*~*~tactically~*~*~ (stealth).
  1919 | D:3      | Found Fasum's Book Shoppe.
  1943 | D:3      | Reached XP level 5. HP: 31/32 MP: 5/5
  1952 | D:3      | 1952 ||| Stepping ~*~*~tactically~*~*~ (stealth).
  2035 | D:3      | Found Homolev's Magic Scroll Shoppe.
  2042 | D:3      | 2042 ||| BUYING scroll of enchant armour (75 gold).
  2042 | D:3      | Bought a scroll of enchant armour for 75 gold pieces
  2042 | D:3      | 2042 ||| SHOPLISTING scroll of enchant armour (75 gold,
                  | have 70).
  2042 | D:3      | 2042 ||| SHOPLISTING scroll of enchant weapon (75 gold,
                  | have 70).
  2042 | D:3      | 2042 ||| BUYING scroll of identify (20 gold).
  2042 | D:3      | Bought a scroll of identify for 20 gold pieces
  2042 | D:3      | 2042 ||| BUYING scroll of identify (20 gold).
  2042 | D:3      | Bought a scroll of identify for 20 gold pieces
  2042 | D:3      | 2042 ||| READING 2 scrolls of enchant armour.
  2042 | D:3      | 2042 ||| ENCHANTING +0 pair of boots.
  2043 | D:3      | 2043 ||| READING scroll of enchant armour.
  2043 | D:3      | 2043 ||| ENCHANTING +1 pair of boots.
  2288 | D:3      | Found an opulent altar of Gozag.
  2344 | D:3      | Found Nogg's Book Shop.
  2538 | D:3      | 2538 ||| UPGRADING to +0 plate armour.
  2548 | D:3      | 2548 ||| DROPPING +0 chain mail.
  2549 | D:3      | 2549 ||| READING scroll labelled VEUP OTEFUSOTWIU.
  2549 | D:3      | Identified a scroll of acquirement
  2549 | D:3      | 2549 ||| ACQUIRING +8 broad axe of Ehusarph {freeze, rF+
                  | Dex+2}
  2549 | D:3      | Acquired the +8 broad axe of Ehusarph {freeze, rF+ Dex+2}
  2551 | D:3      | 2551 ||| SWAPPING to +8 broad axe of Ehusarph {freeze, rF+
                  | Dex+2}.
  2552 | D:3      | 2552 ||| DROPPING +0 war axe.
  2553 | D:3      | 2553 ||| DRINKING 2 inky potions.
  2554 | D:3      | 2554 ||| READING 4 scrolls of identify.
  2554 | D:3      | 2554 ||| IDENTIFYING murky ruby potion
  2555 | D:3      | 2555 ||| DROPPING potion of ambrosia.
  2596 | D:4      | 2596 ||| PLANNING SEWER
  2608 | D:4      | Reached XP level 6. HP: 37/37 MP: 6/6
  2647 | D:4      | Found a transporter.
  2674 | D:4      | Found a transporter.
  2725 | D:4      | Found a staircase to the Ecumenical Temple.
  2822 | D:4      | Noticed Natasha
  2830 | D:4      | Killed Natasha
  2859 | D:4      | Reached skill level 6 in Axes
  2862 | D:4      | Reached XP level 7. HP: 43/43 MP: 7/7
  2954 | D:4      | Found Meulung's General Store.
  2954 | D:4      | Noticed Natasha
  2955 | D:4      | 2955 ||| Stepping ~*~*~tactically~*~*~ (hiding).
  2966 | D:4      | Killed Natasha
  3033 | D:4      | 3033 ||| BUYING 2 potions of curing (78 gold).
  3033 | D:4      | Bought 2 potions of curing for 78 gold pieces
  3033 | D:4      | 3033 ||| SHOPLISTING scroll of enchant weapon (97 gold,
                  | have 21).
  3033 | D:4      | 3033 ||| SHOPLISTING scroll of identify (26 gold, have 21).
  3064 | D:4      | Found a glowing golden altar of the Shining One.
  3065 | D:4      | Found a blossoming altar of Fedhas.
  3066 | D:4      | Found a sacrificial altar of Ru.
  3067 | D:4      | Found a sparkling altar of Nemelex Xobeh.
  3202 | D:4      | Found a glowing drain.
  3211 | D:4      | 3211 ||| READING 2 scrolls labelled HAXKOVA YNUERA.
  3212 | D:4      | 3212 ||| READING 4 scrolls of identify.
  3212 | D:4      | 3212 ||| IDENTIFYING fuming black potion
  3213 | D:4      | 3213 ||| DROPPING scroll of amnesia.
  3220 | Sewer    | Entered a sewer
  3262 | Sewer    | 3262 ||| Stepping ~*~*~tactically~*~*~ (water).
  3420 | Sewer    | 3420 ||| Stepping ~*~*~tactically~*~*~ (water).
  3451 | Sewer    | 3451 ||| READING scroll of enchant armour.
  3451 | Sewer    | 3451 ||| ENCHANTING +0 plate armour.
  3463 | Sewer    | Found a viscous altar of Jiyva.
  3501 | Sewer    | 3501 ||| READING 4 scrolls of identify.
  3501 | Sewer    | 3501 ||| IDENTIFYING lumpy puce potion
  3502 | Sewer    | 3502 ||| DROPPING potion of magic.
  3519 | D:4      | 3519 ||| PLANNING TEMPLE
  3591 | Temple   | Entered the Ecumenical Temple
  3592 | Temple   | 3592 ||| PLANNING OKAWARU WORSHIP
  3628 | Temple   | Became a worshipper of Warmaster Okawaru
  3628 | Temple   | 3628 ||| PLANNING D:1-11
  3686 | D:4      | 3686 ||| READING scroll labelled TOH TUPSAA.
  3693 | D:4      | Noticed Natasha
  3694 | D:4      | 3694 ||| Stepping ~*~*~tactically~*~*~ (stealth).
  3696 | D:4      | 3696 ||| Stepping ~*~*~tactically~*~*~ (hiding).
  3703 | D:4      | Killed Natasha
  3742 | D:5      | Entered Level 5 of the Dungeon
  3765 | D:5      | Reached XP level 8. HP: 46/49 MP: 8/8
  3899 | D:5      | 3899 ||| Stepping ~*~*~tactically~*~*~ (stealth).
  3925 | D:5      | 3925 ||| Stepping ~*~*~tactically~*~*~ (stealth).
  3963 | D:5      | 3963 ||| Stepping ~*~*~tactically~*~*~ (stealth).
  3971 | D:5      | 3971 ||| FLEEEEING.
  3972 | D:5      | 3972 ||| FLEEEEING.
  3973 | D:5      | 3973 ||| FLEEEEING.
  3987 | D:5      | 3987 ||| Stepping ~*~*~tactically~*~*~ (stealth).
  3993 | D:5      | 3993 ||| DROPPING +0 whip.
  4051 | D:5      | Reached * piety under Okawaru
  4055 | D:5      | Reached skill level 1 in Throwing
  4098 | D:5      | 4098 ||| DROPPING +0 flail.
  4155 | D:5      | Reached skill level 1 in Invocations
  4229 | D:5      | 4229 ||| INVOKING Heroism.
  4412 | D:5      | Noticed Duvessa
  4413 | D:5      | 4413 ||| Stepping ~*~*~tactically~*~*~ (hiding).
  4418 | D:5      | 4418 ||| INVOKING Heroism.
  4421 | D:5      | Killed Duvessa
  4422 | D:5      | Reached skill level 3 in Invocations
  4423 | D:5      | Noticed Dowan
  4425 | D:5      | Killed Dowan
  4582 | D:5      | 4582 ||| INVOKING Heroism.
  4692 | D:5      | 4692 ||| READING scroll labelled IMA ELEGUPAVO.
  4722 | D:5      | 4722 ||| DRINKING 2 red potions.
  4723 | D:5      | 4723 ||| DROPPING potion of invisibility.
  4750 | D:6      | Reached XP level 9. HP: 54/54 MP: 12/12
  4906 | D:6      | 4906 ||| Stepping ~*~*~tactically~*~*~ (hiding).
  4907 | D:6      | 4907 ||| Stepping ~*~*~tactically~*~*~ (hiding).
  4940 | D:6      | 4940 ||| INVOKING Heroism.
  4942 | D:6      | Reached skill level 6 in Fighting
  4958 | D:6      | Noticed Eustachio
  4959 | D:6      | 4959 ||| INVOKING Heroism.
  4972 | D:6      | Killed Eustachio
  5408 | D:6      | 5408 ||| READING 2 scrolls labelled KATHRA CUTUEZEU.
  5409 | D:6      | 5409 ||| DROPPING scroll of vulnerability.
  5459 | D:7      | 5459 ||| Stepping ~*~*~tactically~*~*~ (hiding).
  5462 | D:7      | 5462 ||| Stepping ~*~*~tactically~*~*~ (hiding).
  5472 | D:7      | Reached skill level 9 in Axes
  5515 | D:7      | 5515 ||| INVOKING Heroism.
  5526 | D:7      | 5526 ||| Stepping ~*~*~tactically~*~*~ (hiding).
  5566 | D:7      | 5566 ||| Stepping ~*~*~tactically~*~*~ (stealth).
  5587 | D:7      | 5587 ||| Stepping ~*~*~tactically~*~*~ (stealth).
  5682 | D:7      | Noticed a two-headed ogre
  5683 | D:7      | 5683 ||| Stepping ~*~*~tactically~*~*~ (hiding).
  5684 | D:7      | 5684 ||| Stepping ~*~*~tactically~*~*~ (hiding).
  5685 | D:7      | 5685 ||| INVOKING Heroism.
  5687 | D:7      | Killed a two-headed ogre
  5687 | D:7      | Reached ** piety under Okawaru
  5688 | D:7      | Reached XP level 10. HP: 61/61 MP: 10/13
  5720 | D:7      | 5720 ||| Stepping ~*~*~tactically~*~*~ (stealth).
  5723 | D:7      | 5723 ||| Stepping ~*~*~tactically~*~*~ (stealth).
  5766 | D:7      | 5766 ||| Stepping ~*~*~tactically~*~*~ (hiding).
  5768 | D:7      | 5768 ||| INVOKING Heroism.
  5883 | D:7      | Found an ancient bone altar of Kikubaaqudgha.
  6107 | D:7      | 6107 ||| INVOKING Heroism.
  6298 | D:7      | 6298 ||| READING 3 scrolls of identify.
  6298 | D:7      | 6298 ||| IDENTIFYING fizzy white potion
  6313 | D:8      | 6313 ||| Stepping ~*~*~tactically~*~*~ (stealth).
  6333 | D:8      | 6333 ||| INVOKING Heroism.
  6337 | D:8      | 6337 ||| Stepping ~*~*~tactically~*~*~ (stealth).
  6339 | D:8      | 6339 ||| Stepping ~*~*~tactically~*~*~ (stealth).
  6452 | D:8      | 6452 ||| Stepping ~*~*~tactically~*~*~ (stealth).
  6454 | D:8      | 6454 ||| Stepping ~*~*~tactically~*~*~ (stealth).
  6459 | D:8      | 6459 ||| DROPPING +1 flail of protection.
  6506 | D:8      | Found a shimmering blue altar of Sif Muna.
  6568 | D:8      | Found a staircase to the Lair.
  6820 | D:8      | 6820 ||| PLANNING LAIR
  6820 | D:8      | 6820 ||| READING scroll labelled UTATWA JUSILY.
  6821 | D:8      | 6821 ||| READING scroll labelled WICKUSM AXALETZ.
  6862 | Lair:1   | Entered Level 1 of the Lair of Beasts
  6972 | Lair:1   | Noticed a cane toad
  6973 | Lair:1   | 6973 ||| INVOKING Heroism.
  6980 | Lair:1   | Killed a cane toad
  7062 | Lair:1   | Noticed a cane toad
  7063 | Lair:1   | 7063 ||| INVOKING Heroism.
  7067 | Lair:1   | Killed a cane toad
  7123 | Lair:1   | 7123 ||| INVOKING Heroism.
  7223 | Lair:1   | 7223 ||| INVOKING Heroism.
  7262 | Lair:1   | Noticed a catoblepas
  7263 | Lair:1   | 7263 ||| INVOKING Heroism.
  7272 | Lair:1   | HP: 7/64 [catoblepas (23)]
  7273 | Lair:1   | 7273 ||| READING scroll of teleportation.
  7274 | Lair:1   | 7274 ||| DRINKING 2 potions of heal wounds.
  7275 | Lair:1   | Killed a catoblepas
  7275 | Lair:1   | Reached *** piety under Okawaru
  7276 | Lair:1   | Reached XP level 11. HP: 31/68 MP: 12/14
  7747 | Lair:1   | 7747 ||| INVOKING Heroism.
  8152 | Lair:1   | 8152 ||| UPGRADING to +6 ring of strength.
  8154 | Lair:1   | 8154 ||| READING scroll labelled SOB FEHAMU.
  8181 | Lair:2   | 8181 ||| INVOKING Heroism.
  8188 | Lair:2   | Reached skill level 9 in Fighting
  8284 | Lair:2   | 8284 ||| INVOKING Heroism.
  8291 | Lair:2   | Reached skill level 3 in Dodging
  8318 | Lair:2   | Noticed a skyshark
  8328 | Lair:2   | 8328 ||| INVOKING Heroism.
  8329 | Lair:2   | Killed a skyshark
  8374 | Lair:2   | 8374 ||| FLEEEEING.
  8375 | Lair:2   | 8375 ||| FLEEEEING.
  8376 | Lair:2   | 8376 ||| FLEEEEING.
  8377 | Lair:2   | 8377 ||| FLEEEEING.
  8378 | Lair:2   | 8378 ||| FLEEEEING.
  8379 | Lair:2   | 8379 ||| FLEEEEING.
  8380 | Lair:2   | 8380 ||| FLEEEEING.
  8381 | Lair:2   | 8381 ||| STAIRDANCE
  8451 | Lair:1   | 8451 ||| DROPPING ring of ice.
  8452 | Lair:1   | 8452 ||| READING 2 scrolls of identify.
  8452 | Lair:1   | 8452 ||| IDENTIFYING fizzy orange potion
  8453 | Lair:1   | 8453 ||| DROPPING potion of degeneration.
  8457 | Lair:2   | 8457 ||| STAIRDANCE
  8487 | Lair:2   | 8487 ||| STAIRDANCE
  8492 | Lair:1   | 8492 ||| INVOKING Heroism.
  8575 | Lair:2   | 8575 ||| Stepping ~*~*~tactically~*~*~ (stealth).
  8576 | Lair:2   | 8576 ||| INVOKING Heroism.
  8636 | Lair:2   | Noticed a skyshark
  8645 | Lair:2   | Killed a skyshark
  8645 | Lair:2   | Received a gift from Okawaru
  8646 | Lair:2   | Reached skill level 12 in Axes
  8669 | Lair:2   | 8669 ||| INVOKING Heroism.
  8674 | Lair:2   | Reached **** piety under Okawaru
  8743 | Lair:2   | 8743 ||| INVOKING Heroism.
  8746 | Lair:2   | Reached skill level 3 in Throwing
  8785 | Lair:2   | 8785 ||| Stepping ~*~*~tactically~*~*~ (stealth).
  8790 | Lair:2   | 8790 ||| INVOKING Heroism.
  8797 | Lair:2   | Reached skill level 6 in Shields
  8806 | Lair:2   | Found a staircase to the Snake Pit.
  8889 | Lair:2   | 8889 ||| INVOKING Heroism.
  8949 | Lair:2   | 8949 ||| Stepping ~*~*~tactically~*~*~ (stealth).
  8955 | Lair:2   | Reached XP level 12. HP: 76/76 MP: 16/16
  9209 | Lair:2   | 9209 ||| READING scroll labelled MEMOIR SIDWOA.
  9210 | Lair:2   | 9210 ||| READING scroll labelled TIQUEV XUJITT.
  9233 | Lair:3   | Reached skill level 6 in Invocations
  9334 | Lair:3   | 9334 ||| Stepping ~*~*~tactically~*~*~ (stealth).
  9347 | Lair:3   | 9347 ||| INVOKING Heroism.
  9356 | Lair:3   | Received a gift from Okawaru
  9470 | Lair:3   | 9470 ||| INVOKING Heroism.
  9571 | Lair:3   | 9571 ||| INVOKING Heroism.
  9589 | Lair:3   | Reached ***** piety under Okawaru
  9599 | Lair:3   | 9599 ||| INVOKING Heroism.
  9672 | Lair:3   | Noticed a skyshark
  9684 | Lair:3   | Killed a skyshark
  9816 | Lair:3   | 9816 ||| Stepping ~*~*~tactically~*~*~ (stealth).
  9884 | Lair:3   | Noticed a catoblepas
  9885 | Lair:3   | 9885 ||| INVOKING Heroism.
  9886 | Lair:3   | 9886 ||| INVOKING Finesse.
  9892 | Lair:3   | Killed a catoblepas
  9893 | Lair:3   | Reached skill level 9 in Invocations
 10070 | Lair:3   | Found a hide-covered altar of Uskayaw.
 10209 | Lair:3   | 10209 ||| Stepping ~*~*~tactically~*~*~ (stealth).
 10251 | Lair:3   | 10251 ||| INVOKING Heroism.
 10287 | Lair:3   | 10287 ||| Stepping ~*~*~tactically~*~*~ (hiding).
 10308 | Lair:3   | 10308 ||| INVOKING Heroism.
 10381 | Lair:3   | Found a staircase to the Swamp.
 10385 | Lair:3   | 10385 ||| INVOKING Heroism.
 10422 | Lair:3   | 10422 ||| READING 3 scrolls of identify.
 10422 | Lair:3   | 10422 ||| IDENTIFYING yellow potion
 10423 | Lair:3   | 10423 ||| DROPPING potion of berserk rage.
 10459 | Lair:4   | Reached XP level 13. HP: 80/82 MP: 20/20
 10472 | Lair:4   | 10472 ||| Stepping ~*~*~tactically~*~*~ (stealth).
 10516 | Lair:4   | Identified the +7 long sword "Xejoyketa" {freeze, rElec}
 10539 | Lair:4   | Received a gift from Okawaru
 10561 | Lair:4   | 10561 ||| Stepping ~*~*~tactically~*~*~ (stealth).
 10564 | Lair:4   | 10564 ||| Stepping ~*~*~tactically~*~*~ (stealth).
 10569 | Lair:4   | Reached skill level 9 in Armour
 10754 | Lair:4   | 10754 ||| INVOKING Heroism.
 10879 | Lair:4   | 10879 ||| INVOKING Heroism.
 11333 | Lair:5   | Entered Level 5 of the Lair of Beasts
 11351 | Lair:5   | 11351 ||| INVOKING Heroism.
 11382 | Lair:5   | 11382 ||| Stepping ~*~*~tactically~*~*~ (stealth).
 11418 | Lair:5   | 11418 ||| INVOKING Heroism.
 11428 | Lair:5   | Received a gift from Okawaru
 11448 | Lair:5   | 11448 ||| FLEEEEING.
 11449 | Lair:5   | 11449 ||| FLEEEEING.
 11450 | Lair:5   | 11450 ||| FLEEEEING.
 11451 | Lair:5   | 11451 ||| FLEEEEING.
 11453 | Lair:5   | 11453 ||| FLEEEEING.
 11454 | Lair:5   | 11454 ||| FLEEEEING.
 11455 | Lair:5   | 11455 ||| STAIRDANCE
 11530 | Lair:4   | 11530 ||| UPGRADING to ring of protection from fire.
 11541 | Lair:5   | 11541 ||| INVOKING Heroism.
 11551 | Lair:5   | 11551 ||| INVOKING Finesse.
 11554 | Lair:5   | 11554 ||| STAIRDANCE
 11696 | Lair:5   | 11696 ||| INVOKING Heroism.
 11697 | Lair:5   | 11697 ||| SWAPPING to +2 morningstar of venom.
 11706 | Lair:5   | 11706 ||| SWAPPING to +8 broad axe of Ehusarph {freeze, rF+
                  | Dex+2}.
 11708 | Lair:5   | 11708 ||| STAIRDANCE
 11726 | Lair:4   | Received a gift from Okawaru
 11851 | Lair:5   | 11851 ||| STAIRDANCE
 11853 | Lair:4   | 11853 ||| INVOKING Heroism.
 11932 | Lair:5   | 11932 ||| Stepping ~*~*~tactically~*~*~ (stealth).
 11955 | Lair:5   | 11955 ||| FLEEEEING.
 12019 | Lair:5   | Found a staircase to the Slime Pits.
 12028 | Lair:5   | 12028 ||| INVOKING Heroism.
 12032 | Lair:5   | 12032 ||| Stepping ~*~*~tactically~*~*~ (water).
 12044 | Lair:5   | Received a gift from Okawaru
 12047 | Lair:5   | 12047 ||| INVOKING Heroism.
 12051 | Lair:5   | Gained mutation: Your large and strong wings let you fly.
                  | [Gargoyle growth]
 12051 | Lair:5   | Reached XP level 14. HP: 67/90 MP: 18/21
 12058 | Lair:5   | 12058 ||| Stepping ~*~*~tactically~*~*~ (stealth).
 12281 | Lair:5   | Identified the +2 scale mail "Yntytzips" {Rampage}
 12285 | Lair:5   | 12285 ||| Stepping ~*~*~tactically~*~*~ (stealth).
 12323 | Lair:5   | 12323 ||| FLEEEEING.
 12541 | Lair:5   | 12541 ||| INVOKING Heroism.
 12557 | Lair:5   | Reached skill level 15 in Axes
 12748 | Lair:5   | Noticed Kirke
 12749 | Lair:5   | 12749 ||| FLEEEEING.
 12790 | Lair:5   | 12790 ||| INVOKING Heroism.
 12805 | Lair:5   | Killed Kirke
 13024 | Lair:5   | 13024 ||| PLANNING D:1-11
 13024 | Lair:5   | 13024 ||| UPGRADING to +1 buckler of fire resistance.
 13034 | Lair:5   | 13034 ||| DROPPING +0 buckler.
 13196 | D:9      | 13196 ||| Stepping ~*~*~tactically~*~*~ (hiding).
 13272 | D:9      | 13272 ||| Stepping ~*~*~tactically~*~*~ (hiding).
 13413 | D:9      | 13413 ||| Stepping ~*~*~tactically~*~*~ (hiding).
 13413 | D:9      | Noticed Harold
 13414 | D:9      | 13414 ||| Stepping ~*~*~tactically~*~*~ (hiding).
 13433 | D:9      | Killed Harold
 13434 | D:9      | Reached skill level 12 in Fighting
 13645 | D:9      | Noticed Amaemon
 13655 | D:9      | Killed Amaemon
 13678 | D:9      | 13678 ||| DROPPING +2 morningstar of venom.
 13735 | D:9      | Noticed Maurice
 13736 | D:9      | 13736 ||| Stepping ~*~*~tactically~*~*~ (hiding).
 13748 | D:9      | Killed Maurice
 14090 | D:9      | Found a burning altar of Makhleb.
 14184 | D:9      | 14184 ||| READING 3 scrolls of identify.
 14184 | D:9      | 14184 ||| IDENTIFYING golden potion
 14185 | D:9      | 14185 ||| DROPPING potion of flight.
 14213 | D:10     | Entered Level 10 of the Dungeon
 14313 | D:10     | Found a flagged portal.
 14439 | D:10     | 14439 ||| Stepping ~*~*~tactically~*~*~ (stealth).
 14441 | D:10     | 14441 ||| Stepping ~*~*~tactically~*~*~ (hiding).
 14444 | D:10     | 14444 ||| Stepping ~*~*~tactically~*~*~ (hiding).
 14448 | D:10     | 14448 ||| Stepping ~*~*~tactically~*~*~ (hiding).
 14458 | D:10     | 14458 ||| Stepping ~*~*~tactically~*~*~ (hiding).
 14733 | D:10     | 14733 ||| Stepping ~*~*~tactically~*~*~ (stealth).
 14735 | D:10     | 14735 ||| Stepping ~*~*~tactically~*~*~ (hiding).
 14740 | D:10     | 14740 ||| Stepping ~*~*~tactically~*~*~ (stealth).
 14830 | D:10     | 14830 ||| Stepping ~*~*~tactically~*~*~ (hiding).
 14833 | D:10     | 14833 ||| Stepping ~*~*~tactically~*~*~ (hiding).
 15264 | D:10     | 15264 ||| Stepping ~*~*~tactically~*~*~ (stealth).
 15376 | D:10     | 15376 ||| READING 4 scrolls of identify.
 15376 | D:10     | 15376 ||| IDENTIFYING bubbling silvery potion
 15420 | D:11     | Identified the +11 plate armour "Hediemum" {rPois}
 15459 | D:11     | Found a staircase to the Orcish Mines.
 15650 | D:11     | 15650 ||| Stepping ~*~*~tactically~*~*~ (stealth).
 15708 | D:11     | 15708 ||| Stepping ~*~*~tactically~*~*~ (hiding).
 15888 | D:11     | Found Kiesim's Antique Weapon Shop.
 16077 | D:11     | 16077 ||| Stepping ~*~*~tactically~*~*~ (hiding).
 16078 | D:11     | 16078 ||| Stepping ~*~*~tactically~*~*~ (hiding).
 16215 | D:11     | 16215 ||| PLANNING D
 16215 | D:11     | 16215 ||| UPGRADING to +11 plate armour "Hediemum" {rPois}.
 16225 | D:11     | 16225 ||| DROPPING +1 plate armour.
 16226 | D:11     | 16226 ||| READING scroll labelled OQUIMOISMESA.
 16252 | D:12     | 16252 ||| Stepping ~*~*~tactically~*~*~ (hiding).
 16267 | D:12     | 16267 ||| Stepping ~*~*~tactically~*~*~ (hiding).
 16268 | D:12     | 16268 ||| Stepping ~*~*~tactically~*~*~ (stealth).
 16332 | D:12     | Found Pomuh's Armour Emporium.
 16446 | D:12     | 16446 ||| Stepping ~*~*~tactically~*~*~ (stealth).
 16479 | D:12     | 16479 ||| Stepping ~*~*~tactically~*~*~ (stealth).
 16518 | D:12     | 16518 ||| Stepping ~*~*~tactically~*~*~ (stealth).
 16521 | D:12     | Received a gift from Okawaru
 16594 | D:12     | 16594 ||| Stepping ~*~*~tactically~*~*~ (hiding).
 16618 | D:12     | 16618 ||| Stepping ~*~*~tactically~*~*~ (stealth).
 16620 | D:12     | 16620 ||| Stepping ~*~*~tactically~*~*~ (hiding).
 16626 | D:12     | 16626 ||| INVOKING Heroism.
 16660 | D:12     | 16660 ||| Stepping ~*~*~tactically~*~*~ (stealth).
 16711 | D:12     | 16711 ||| Stepping ~*~*~tactically~*~*~ (stealth).
 16713 | D:12     | 16713 ||| Stepping ~*~*~tactically~*~*~ (stealth).
 16728 | D:12     | 16728 ||| INVOKING Heroism.
 16746 | D:12     | 16746 ||| Stepping ~*~*~tactically~*~*~ (stealth).
 16819 | D:12     | 16819 ||| Stepping ~*~*~tactically~*~*~ (stealth).
 16820 | D:12     | 16820 ||| Stepping ~*~*~tactically~*~*~ (stealth).
 16821 | D:12     | 16821 ||| Stepping ~*~*~tactically~*~*~ (stealth).
 16822 | D:12     | 16822 ||| Stepping ~*~*~tactically~*~*~ (stealth).
 16824 | D:12     | 16824 ||| INVOKING Heroism.
 16838 | D:12     | Identified the +0 great sword "Olosifauv" {heavy, *Rage rN+
                  | Dex+5}
 16838 | D:12     | Noticed a tengu reaver
 16839 | D:12     | 16839 ||| Stepping ~*~*~tactically~*~*~ (stealth).
 16849 | D:12     | Killed a tengu reaver
 16850 | D:12     | Reached XP level 15. HP: 96/96 MP: 22/22
 16929 | D:12     | Found a portal to a secret trove of treasure.
 17208 | D:12     | 17208 ||| Stepping ~*~*~tactically~*~*~ (stealth).
 17209 | D:12     | 17209 ||| Stepping ~*~*~tactically~*~*~ (stealth).
 17210 | D:12     | 17210 ||| Stepping ~*~*~tactically~*~*~ (stealth).
 17252 | D:12     | 17252 ||| INVOKING Heroism.
 17258 | D:12     | 17258 ||| Stepping ~*~*~tactically~*~*~ (hiding).
 17638 | D:13     | Received a gift from Okawaru
 17835 | D:13     | 17835 ||| Stepping ~*~*~tactically~*~*~ (hiding).
 17836 | D:13     | 17836 ||| Stepping ~*~*~tactically~*~*~ (hiding).
 18159 | D:13     | 18159 ||| Stepping ~*~*~tactically~*~*~ (hiding).
 18162 | D:13     | You are sucked into a shaft and drop 2 floors!
 18162 | D:15     | Entered Level 15 of the Dungeon
 18221 | D:15     | 18221 ||| INVOKING Heroism.
 18234 | D:15     | Received a gift from Okawaru
 18235 | D:15     | Reached skill level 6 in Throwing
 18238 | D:15     | 18238 ||| Stepping ~*~*~tactically~*~*~ (hiding).
 18240 | D:15     | 18240 ||| Stepping ~*~*~tactically~*~*~ (hiding).
 18299 | D:15     | 18299 ||| READING scroll labelled QEITWOAPTA.
 18316 | D:14     | 18316 ||| Stepping ~*~*~tactically~*~*~ (stealth).
 18318 | D:14     | 18318 ||| INVOKING Heroism.
 18319 | D:14     | 18319 ||| INVOKING Finesse.
 18330 | D:14     | 18330 ||| SWAPPING to -2 demon whip of venom.
 18345 | D:14     | Received a gift from Okawaru
 18346 | D:14     | 18346 ||| SWAPPING to +8 broad axe of Ehusarph {freeze, rF+
                  | Dex+2}.
 18420 | D:14     | 18420 ||| Stepping ~*~*~tactically~*~*~ (hiding).
 18421 | D:14     | 18421 ||| Stepping ~*~*~tactically~*~*~ (hiding).
 18423 | D:14     | 18423 ||| Stepping ~*~*~tactically~*~*~ (hiding).
 18426 | D:14     | 18426 ||| Stepping ~*~*~tactically~*~*~ (hiding).
 18429 | D:14     | 18429 ||| Stepping ~*~*~tactically~*~*~ (hiding).
 18430 | D:14     | 18430 ||| Stepping ~*~*~tactically~*~*~ (hiding).
 18431 | D:14     | 18431 ||| Stepping ~*~*~tactically~*~*~ (hiding).
 18466 | D:14     | Found a gate to the Vaults.
 18467 | D:14     | 18467 ||| INVOKING Heroism.
 18735 | D:14     | 18735 ||| Stepping ~*~*~tactically~*~*~ (hiding).
 19174 | D:14     | 19174 ||| Stepping ~*~*~tactically~*~*~ (hiding).
 19175 | D:14     | 19175 ||| Stepping ~*~*~tactically~*~*~ (hiding).
 19176 | D:14     | 19176 ||| Stepping ~*~*~tactically~*~*~ (hiding).
 19190 | D:14     | 19190 ||| Stepping ~*~*~tactically~*~*~ (hiding).
 19197 | D:14     | 19197 ||| Stepping ~*~*~tactically~*~*~ (stealth).
 19238 | D:14     | Noticed Nessos
 19239 | D:14     | 19239 ||| INVOKING Finesse.
 19251 | D:14     | Killed Nessos
 19292 | D:14     | 19292 ||| FLEEEEING.
 19293 | D:14     | 19293 ||| FLEEEEING.
 19294 | D:14     | 19294 ||| FLEEEEING.
 19295 | D:14     | 19295 ||| FLEEEEING.
 19296 | D:14     | 19296 ||| FLEEEEING.
 19297 | D:14     | 19297 ||| FLEEEEING.
 19299 | D:14     | 19299 ||| STAIRDANCE
 19376 | D:14     | 19376 ||| Stepping ~*~*~tactically~*~*~ (hiding).
 19755 | D:15     | 19755 ||| INVOKING Heroism.
 19756 | D:15     | 19756 ||| INVOKING Finesse.
 19757 | D:15     | 19757 ||| SWAPPING to -2 demon whip of venom.
 19763 | D:15     | 19763 ||| SWAPPING to +8 broad axe of Ehusarph {freeze, rF+
                  | Dex+2}.
 19916 | D:15     | 19916 ||| Stepping ~*~*~tactically~*~*~ (hiding).
 19958 | D:15     | 19958 ||| INVOKING Heroism.
 20184 | D:15     | Found a staircase to the Depths.
 20185 | D:15     | 20185 ||| INVOKING Heroism.
 20186 | D:15     | 20186 ||| INVOKING Finesse.
 20187 | D:15     | 20187 ||| SWAPPING to -2 demon whip of venom.
 20200 | D:15     | Received a gift from Okawaru
 20210 | D:15     | 20210 ||| SWAPPING to +8 broad axe of Ehusarph {freeze, rF+
                  | Dex+2}.
 20344 | D:15     | 20344 ||| Stepping ~*~*~tactically~*~*~ (stealth).
 20578 | D:15     | 20578 ||| PLANNING ORC
 20688 | Orc:1    | Entered Level 1 of the Orcish Mines
 20704 | Orc:1    | 20704 ||| INVOKING Heroism.
 20707 | Orc:1    | 20707 ||| Stepping ~*~*~tactically~*~*~ (hiding).
 20715 | Orc:1    | Reached XP level 16. HP: 78/104 MP: 21/23
 20731 | Orc:1    | 20731 ||| INVOKING Heroism.
 20977 | Orc:1    | 20977 ||| INVOKING Heroism.
 21164 | Orc:1    | Noticed Snorg
 21169 | Orc:1    | Killed Snorg
 21205 | Orc:2    | Entered Level 2 of the Orcish Mines
 21237 | Orc:2    | Found a staircase to the Elven Halls.
 21258 | Orc:2    | 21258 ||| INVOKING Heroism.
 21260 | Orc:2    | 21260 ||| INVOKING Finesse.
 21261 | Orc:2    | Found Fegurahe's Book Shoppe.
 21266 | Orc:2    | Received a gift from Okawaru
 21279 | Orc:2    | Received a gift from Okawaru
 21280 | Orc:2    | Reached skill level 18 in Axes
 21338 | Orc:2    | 21338 ||| Stepping ~*~*~tactically~*~*~ (stealth).
 21342 | Orc:2    | Found Ucwul's General Store.
 21343 | Orc:2    | 21343 ||| INVOKING Heroism.
 21412 | Orc:2    | 21412 ||| BUYING potion of might (52 gold).
 21412 | Orc:2    | Bought a potion of might for 52 gold pieces
 21412 | Orc:2    | 21412 ||| BUYING ring of protection from fire (325 gold).
 21412 | Orc:2    | Bought a ring of protection from fire for 325 gold pieces
 21417 | Orc:2    | Found Poacsal's Antique Weapon Shop.
 21470 | Orc:2    | 21470 ||| INVOKING Heroism.
 21476 | Orc:2    | Found Uckoeg Veru's Antique Armour Shoppe.
 21565 | Orc:2    | 21565 ||| Stepping ~*~*~tactically~*~*~ (stealth).
 21566 | Orc:2    | 21566 ||| Stepping ~*~*~tactically~*~*~ (stealth).
 21568 | Orc:2    | 21568 ||| INVOKING Heroism.
 21581 | Orc:2    | 21581 ||| Stepping ~*~*~tactically~*~*~ (hiding).
 21588 | Orc:2    | 21588 ||| Stepping ~*~*~tactically~*~*~ (stealth).
 21594 | Orc:2    | 21594 ||| Stepping ~*~*~tactically~*~*~ (stealth).
 21599 | Orc:2    | 21599 ||| Stepping ~*~*~tactically~*~*~ (stealth).
 21718 | Orc:2    | 21718 ||| INVOKING Heroism.
 21743 | Orc:2    | Received a gift from Okawaru
 22057 | Orc:2    | 22057 ||| PLANNING SWAMP:1-3
 22057 | Orc:2    | 22057 ||| DROPPING ring of fire.
 22267 | Swamp:1  | Entered Level 1 of the Swamp
 22285 | Swamp:1  | Noticed a thorn hunter
 22286 | Swamp:1  | 22286 ||| INVOKING Heroism.
 22300 | Swamp:1  | Killed a thorn hunter
 22301 | Swamp:1  | Reached skill level 12 in Armour
 22313 | Swamp:1  | 22313 ||| INVOKING Heroism.
 22461 | Swamp:1  | 22461 ||| Stepping ~*~*~tactically~*~*~ (hiding).
 22462 | Swamp:1  | 22462 ||| INVOKING Heroism.
 22466 | Swamp:1  | Received a gift from Okawaru
 22471 | Swamp:1  | Reached skill level 9 in Shields
 22484 | Swamp:1  | 22484 ||| Stepping ~*~*~tactically~*~*~ (hiding).
 22602 | Swamp:1  | 22602 ||| Stepping ~*~*~tactically~*~*~ (hiding).
 22663 | Swamp:1  | 22663 ||| INVOKING Heroism.
 22724 | Swamp:1  | 22724 ||| FLEEEEING.
 22725 | Swamp:1  | 22725 ||| FLEEEEING.
 22726 | Swamp:1  | 22726 ||| FLEEEEING.
 22727 | Swamp:1  | 22727 ||| FLEEEEING.
 22728 | Swamp:1  | 22728 ||| FLEEEEING.
 22729 | Swamp:1  | 22729 ||| FLEEEEING.
 22730 | Swamp:1  | 22730 ||| FLEEEEING.
 22731 | Swamp:1  | 22731 ||| FLEEEEING.
 22732 | Swamp:1  | 22732 ||| FLEEEEING.
 22733 | Swamp:1  | 22733 ||| FLEEEEING.
 22734 | Swamp:1  | 22734 ||| FLEEEEING.
 22735 | Swamp:1  | 22735 ||| FLEEEEING.
 22737 | Swamp:1  | 22737 ||| FLEEEEING.
 22740 | Swamp:1  | 22740 ||| FLEEEEING.
 22741 | Swamp:1  | 22741 ||| FLEEEEING.
 22742 | Swamp:1  | 22742 ||| FLEEEEING.
 22743 | Swamp:1  | 22743 ||| FLEEEEING.
 22744 | Swamp:1  | 22744 ||| FLEEEEING.
 22745 | Swamp:1  | 22745 ||| FLEEEEING.
 22746 | Swamp:1  | 22746 ||| FLEEEEING.
 22747 | Swamp:1  | 22747 ||| FLEEEEING.
 22748 | Swamp:1  | 22748 ||| FLEEEEING.
 22749 | Swamp:1  | 22749 ||| FLEEEEING.
 22750 | Swamp:1  | 22750 ||| FLEEEEING.
 22751 | Swamp:1  | 22751 ||| STAIRDANCE
 22795 | Lair:3   | 22795 ||| DROPPING ring of wizardry.
 22799 | Swamp:1  | 22799 ||| STAIRDANCE
 22963 | Swamp:1  | 22963 ||| Stepping ~*~*~tactically~*~*~ (hiding).
 22964 | Swamp:1  | 22964 ||| INVOKING Heroism.
 23016 | Swamp:1  | Found a transporter.
 23019 | Swamp:1  | 23019 ||| INVOKING Heroism.
 23021 | Swamp:1  | 23021 ||| SWAPPING to -2 demon whip of venom.
 23037 | Swamp:1  | 23037 ||| SWAPPING to +8 broad axe of Ehusarph {freeze, rF+
                  | Dex+2}.
 23064 | Swamp:1  | Found a transporter.
 23075 | Swamp:1  | Noticed Dorofeb's ghost (adept GrFi)
 23091 | Swamp:1  | 23091 ||| INVOKING Heroism.
 23199 | Swamp:1  | Noticed Donald
 23200 | Swamp:1  | 23200 ||| INVOKING Heroism.
 23217 | Swamp:1  | Killed Donald
 23512 | Swamp:1  | 23512 ||| Stepping ~*~*~tactically~*~*~ (hiding).
 23692 | Swamp:1  | 23692 ||| UPGRADING to +0 kite shield of reflection.
 23702 | Swamp:1  | 23702 ||| DROPPING +1 buckler of fire resistance.
 23780 | Swamp:2  | 23780 ||| Stepping ~*~*~tactically~*~*~ (hiding).
 23782 | Swamp:2  | 23782 ||| INVOKING Heroism.
 23807 | Swamp:2  | 23807 ||| Stepping ~*~*~tactically~*~*~ (hiding).
 23929 | Swamp:2  | 23929 ||| INVOKING Heroism.
 23933 | Swamp:2  | 23933 ||| SWAPPING to -2 demon whip of venom.
 23942 | Swamp:2  | 23942 ||| SWAPPING to +8 broad axe of Ehusarph {freeze, rF+
                  | Dex+2}.
 23981 | Swamp:2  | 23981 ||| Stepping ~*~*~tactically~*~*~ (hiding).
 23984 | Swamp:2  | 23984 ||| INVOKING Heroism.
 23990 | Swamp:2  | 23990 ||| SWAPPING to -2 demon whip of venom.
 23998 | Swamp:2  | 23998 ||| SWAPPING to +8 broad axe of Ehusarph {freeze, rF+
                  | Dex+2}.
 24002 | Swamp:2  | HP: 24/105 [spriggan druid/stone arrow (40)]
 24003 | Swamp:2  | 24003 ||| READING 5 scrolls of teleportation.
 24004 | Swamp:2  | 24004 ||| DRINKING 3 potions of heal wounds.
 24007 | Swamp:2  | 24007 ||| FLEEEEING.
 24078 | Swamp:2  | 24078 ||| Stepping ~*~*~tactically~*~*~ (stealth).
 24086 | Swamp:2  | 24086 ||| INVOKING Heroism.
 24093 | Swamp:2  | 24093 ||| SWAPPING to -2 demon whip of venom.
 24098 | Swamp:2  | 24098 ||| SWAPPING to +8 broad axe of Ehusarph {freeze, rF+
                  | Dex+2}.
 24181 | Swamp:2  | 24181 ||| INVOKING Heroism.
 24185 | Swamp:2  | 24185 ||| SWAPPING to -2 demon whip of venom.
 24190 | Swamp:2  | 24190 ||| SWAPPING to +8 broad axe of Ehusarph {freeze, rF+
                  | Dex+2}.
 24195 | Swamp:2  | 24195 ||| SWAPPING to -2 demon whip of venom.
 24200 | Swamp:2  | 24200 ||| SWAPPING to +8 broad axe of Ehusarph {freeze, rF+
                  | Dex+2}.
 24344 | Swamp:2  | 24344 ||| Stepping ~*~*~tactically~*~*~ (stealth).
 24345 | Swamp:2  | 24345 ||| INVOKING Heroism.
 24410 | Swamp:2  | 24410 ||| INVOKING Heroism.
 24475 | Swamp:2  | 24475 ||| Stepping ~*~*~tactically~*~*~ (stealth).
 24573 | Swamp:2  | Received a gift from Okawaru
 24585 | Swamp:2  | 24585 ||| INVOKING Heroism.
 24697 | Swamp:2  | 24697 ||| Stepping ~*~*~tactically~*~*~ (hiding).
 25047 | Swamp:3  | 25047 ||| INVOKING Heroism.
 25069 | Swamp:3  | 25069 ||| INVOKING Heroism.
 25074 | Swamp:3  | Reached skill level 12 in Shields
 25079 | Swamp:3  | Reached XP level 17. HP: 33/110 MP: 22/24
 25099 | Swamp:3  | 25099 ||| Stepping ~*~*~tactically~*~*~ (stealth).
 25194 | Swamp:3  | 25194 ||| INVOKING Heroism.
 25521 | Swamp:3  | 25521 ||| Stepping ~*~*~tactically~*~*~ (cloud).
 25643 | Swamp:3  | 25643 ||| INVOKING Heroism.
 25644 | Swamp:3  | 25644 ||| Stepping ~*~*~tactically~*~*~ (stealth).
 25647 | Swamp:3  | 25647 ||| SWAPPING to -2 demon whip of venom.
 25654 | Swamp:3  | 25654 ||| SWAPPING to +8 broad axe of Ehusarph {freeze, rF+
                  | Dex+2}.
 25672 | Swamp:3  | 25672 ||| INVOKING Heroism.
 25674 | Swamp:3  | Noticed Jorgrun
 25691 | Swamp:3  | Killed Jorgrun
 25691 | Swamp:3  | Received a gift from Okawaru
 25707 | Swamp:3  | 25707 ||| Stepping ~*~*~tactically~*~*~ (stealth).
 25912 | Swamp:3  | 25912 ||| PLANNING SNAKE:1-3
 25912 | Swamp:3  | 25912 ||| UPGRADING to +0 pair of gloves.
 25917 | Swamp:3  | 25917 ||| UPGRADING to +0 helmet.
 26009 | Snake:1  | Entered Level 1 of the Snake Pit
 26023 | Snake:1  | Received a gift from Okawaru
 26065 | Snake:1  | 26065 ||| INVOKING Heroism.
 26067 | Snake:1  | 26067 ||| Stepping ~*~*~tactically~*~*~ (hiding).
 26068 | Snake:1  | 26068 ||| Stepping ~*~*~tactically~*~*~ (hiding).
 26079 | Snake:1  | 26079 ||| Stepping ~*~*~tactically~*~*~ (hiding).
 26081 | Snake:1  | 26081 ||| Stepping ~*~*~tactically~*~*~ (hiding).
 26086 | Snake:1  | 26086 ||| Stepping ~*~*~tactically~*~*~ (hiding).
 26155 | Snake:1  | 26155 ||| Stepping ~*~*~tactically~*~*~ (hiding).
 26158 | Snake:1  | 26158 ||| Stepping ~*~*~tactically~*~*~ (hiding).
 26289 | Snake:1  | 26289 ||| Stepping ~*~*~tactically~*~*~ (hiding).
 26478 | Snake:1  | Received a gift from Okawaru
 26491 | Snake:1  | Noticed Aizul
 26492 | Snake:1  | 26492 ||| INVOKING Heroism.
 26509 | Snake:1  | Killed Aizul
 26609 | Snake:2  | 26609 ||| Stepping ~*~*~tactically~*~*~ (hiding).
 26645 | Snake:2  | 26645 ||| Stepping ~*~*~tactically~*~*~ (hiding).
 26647 | Snake:2  | 26647 ||| Stepping ~*~*~tactically~*~*~ (stealth).
 26685 | Snake:2  | 26685 ||| Stepping ~*~*~tactically~*~*~ (hiding).
 26686 | Snake:2  | 26686 ||| Stepping ~*~*~tactically~*~*~ (stealth).
 26687 | Snake:2  | 26687 ||| INVOKING Heroism.
 26692 | Snake:2  | Noticed Vashnia
 26715 | Snake:2  | 26715 ||| INVOKING Heroism.
 26733 | Snake:2  | Killed Vashnia
 26923 | Snake:2  | 26923 ||| Stepping ~*~*~tactically~*~*~ (hiding).
 26926 | Snake:2  | 26926 ||| Stepping ~*~*~tactically~*~*~ (hiding).
 26952 | Snake:2  | 26952 ||| INVOKING Heroism.
 27035 | Snake:2  | 27035 ||| INVOKING Heroism.
 27181 | Snake:2  | 27181 ||| READING scroll of enchant armour.
 27181 | Snake:2  | 27181 ||| ENCHANTING +0 pair of gloves.
 27248 | Snake:2  | Received a gift from Okawaru
 27373 | Snake:2  | 27373 ||| Stepping ~*~*~tactically~*~*~ (hiding).
 27386 | Snake:2  | 27386 ||| Stepping ~*~*~tactically~*~*~ (hiding).
 27423 | Snake:2  | 27423 ||| Stepping ~*~*~tactically~*~*~ (hiding).
 27424 | Snake:2  | 27424 ||| INVOKING Heroism.
 27509 | Snake:2  | Found a shimmering altar of Xom.
 27531 | Snake:2  | 27531 ||| Stepping ~*~*~tactically~*~*~ (hiding).
 27534 | Snake:2  | 27534 ||| INVOKING Heroism.
 27618 | Snake:2  | 27618 ||| Stepping ~*~*~tactically~*~*~ (hiding).
 27872 | Snake:2  | 27872 ||| Stepping ~*~*~tactically~*~*~ (hiding).
 28010 | Snake:2  | 28010 ||| Stepping ~*~*~tactically~*~*~ (hiding).
 28011 | Snake:2  | 28011 ||| Stepping ~*~*~tactically~*~*~ (hiding).
 28014 | Snake:2  | 28014 ||| Stepping ~*~*~tactically~*~*~ (hiding).
 28332 | Snake:2  | 28332 ||| DROPPING scarf of shadows.
 28333 | Snake:2  | 28333 ||| UPGRADING to amulet of regeneration.
 28356 | Snake:3  | Found Toworpheci's CLEARANCE SALE!.
 28363 | Snake:3  | 28363 ||| BUYING 2 potions of heal wounds (90 gold).
 28363 | Snake:3  | Bought 2 potions of heal wounds for 90 gold pieces
 28365 | Snake:3  | 28365 ||| Stepping ~*~*~tactically~*~*~ (stealth).
 28379 | Snake:3  | 28379 ||| Stepping ~*~*~tactically~*~*~ (stealth).
 28380 | Snake:3  | 28380 ||| Stepping ~*~*~tactically~*~*~ (stealth).
 28486 | Snake:3  | 28486 ||| Stepping ~*~*~tactically~*~*~ (stealth).
 28572 | Snake:3  | 28572 ||| Stepping ~*~*~tactically~*~*~ (hiding).
 28573 | Snake:3  | 28573 ||| Stepping ~*~*~tactically~*~*~ (hiding).
 28748 | Snake:3  | 28748 ||| INVOKING Heroism.
 29041 | Snake:3  | 29041 ||| Stepping ~*~*~tactically~*~*~ (hiding).
 29105 | Snake:3  | Reached XP level 18. HP: 113/118 MP: 25/25
 29109 | Snake:3  | 29109 ||| DROPPING -2 demon whip of venom.
 29513 | Snake:3  | 29513 ||| Stepping ~*~*~tactically~*~*~ (stealth).
 29515 | Snake:3  | 29515 ||| Stepping ~*~*~tactically~*~*~ (hiding).
 29526 | Snake:3  | Reached skill level 15 in Fighting
 29527 | Snake:3  | Received a gift from Okawaru
 29622 | Snake:3  | 29622 ||| PLANNING SWAMP:4
 29622 | Snake:3  | 29622 ||| UPGRADING to +2 kite shield of reflection.
 29632 | Snake:3  | 29632 ||| DROPPING +0 kite shield of reflection.
 29633 | Snake:3  | 29633 ||| DROPPING ring of positive energy.
 29634 | Snake:3  | 29634 ||| UPGRADING to +4 ring of protection.
 29636 | Snake:3  | 29636 ||| UPGRADING to +6 ring of strength.
 29781 | Swamp:4  | Entered Level 4 of the Swamp
 29781 | Swamp:4  | Noticed Mara
 29782 | Swamp:4  | 29782 ||| INVOKING Heroism.
 29787 | Swamp:4  | 29787 ||| Stepping ~*~*~tactically~*~*~ (hiding).
 29789 | Swamp:4  | 29789 ||| Stepping ~*~*~tactically~*~*~ (hiding).
 29804 | Swamp:4  | Killed Mara
 29821 | Swamp:4  | 29821 ||| Stepping ~*~*~tactically~*~*~ (hiding).
 29824 | Swamp:4  | 29824 ||| INVOKING Heroism.
 29858 | Swamp:4  | Reached skill level 6 in Dodging
 29865 | Swamp:4  | 29865 ||| INVOKING Heroism.
 29894 | Swamp:4  | Received a gift from Okawaru
 29899 | Swamp:4  | 29899 ||| Stepping ~*~*~tactically~*~*~ (stealth).
 29912 | Swamp:4  | 29912 ||| INVOKING Heroism.
 29913 | Swamp:4  | Received a gift from Okawaru
 29943 | Swamp:4  | 29943 ||| Stepping ~*~*~tactically~*~*~ (hiding).
 29952 | Swamp:4  | 29952 ||| Stepping ~*~*~tactically~*~*~ (hiding).
 29982 | Swamp:4  | 29982 ||| Stepping ~*~*~tactically~*~*~ (stealth).
 29986 | Swamp:4  | 29986 ||| Stepping ~*~*~tactically~*~*~ (hiding).
 30112 | Swamp:4  | Got a decaying rune of Zot
 30130 | Swamp:4  | 30130 ||| INVOKING Heroism.
 30137 | Swamp:4  | 30137 ||| Stepping ~*~*~tactically~*~*~ (hiding).
 30146 | Swamp:4  | Reached skill level 15 in Armour
 30233 | Swamp:4  | 30233 ||| Stepping ~*~*~tactically~*~*~ (stealth).
 30234 | Swamp:4  | 30234 ||| Stepping ~*~*~tactically~*~*~ (stealth).
 30240 | Swamp:4  | 30240 ||| Stepping ~*~*~tactically~*~*~ (hiding).
 30372 | Swamp:4  | Received a gift from Okawaru
 30376 | Swamp:4  | 30376 ||| INVOKING Heroism.
 30527 | Swamp:4  | 30527 ||| Stepping ~*~*~tactically~*~*~ (cloud).
 30753 | Swamp:4  | 30753 ||| PLANNING VAULTS:1-4
 31001 | D:13     | 31001 ||| Stepping ~*~*~tactically~*~*~ (hiding).
 31063 | Vaults:1 | Entered Level 1 of the Vaults
 31069 | Vaults:1 | Received a gift from Okawaru
 31070 | Vaults:1 | Reached skill level 9 in Throwing
 31086 | Vaults:1 | 31086 ||| INVOKING Heroism.
 31088 | Vaults:1 | Reached skill level 15 in Shields
 31198 | Vaults:1 | 31198 ||| INVOKING Heroism.
 31199 | Vaults:1 | 31199 ||| INVOKING Finesse.
 31457 | Vaults:1 | Received a gift from Okawaru
 31493 | Vaults:1 | 31493 ||| INVOKING Heroism.
 31770 | Vaults:1 | Received a gift from Okawaru
 31771 | Vaults:1 | Reached XP level 19. HP: 110/125 MP: 26/26
 31819 | Vaults:1 | 31819 ||| Stepping ~*~*~tactically~*~*~ (stealth).
 31823 | Vaults:1 | 31823 ||| Stepping ~*~*~tactically~*~*~ (hiding).
 32256 | Vaults:2 | Received a gift from Okawaru
 32273 | Vaults:2 | 32273 ||| INVOKING Heroism.
 32283 | Vaults:2 | HP: 25/125 [something (16)]
 32284 | Vaults:2 | 32284 ||| READING 8 scrolls of teleportation.
 32285 | Vaults:2 | 32285 ||| DRINKING 4 potions of heal wounds.
 32467 | Vaults:2 | 32467 ||| INVOKING Finesse.
 32477 | Vaults:2 | 32477 ||| INVOKING Heroism.
 32590 | Vaults:2 | 32590 ||| Stepping ~*~*~tactically~*~*~ (stealth).
 32596 | Vaults:2 | 32596 ||| INVOKING Heroism.
 32612 | Vaults:2 | 32612 ||| Stepping ~*~*~tactically~*~*~ (hiding).
 32627 | Vaults:2 | Received a gift from Okawaru
 32700 | Vaults:2 | 32700 ||| Stepping ~*~*~tactically~*~*~ (stealth).
 32731 | Vaults:2 | Found a staircase to the Crypt.
 32792 | Vaults:2 | Found Idoukos's Antique Armour Shop.
 32832 | Vaults:2 | 32832 ||| DROPPING +2 heavy broad axe.
 32932 | Vaults:2 | 32932 ||| DROPPING amulet of guardian spirit.
 32933 | Vaults:2 | 32933 ||| UPGRADING to amulet of faith.
 32995 | Vaults:1 | Reached ****** piety under Okawaru
 33004 | Vaults:1 | Received a gift from Okawaru
 33329 | Vaults:2 | 33329 ||| Stepping ~*~*~tactically~*~*~ (hiding).
 33522 | Vaults:2 | 33522 ||| INVOKING Heroism.
 33523 | Vaults:2 | 33523 ||| INVOKING Finesse.
 33706 | Vaults:2 | 33706 ||| Stepping ~*~*~tactically~*~*~ (stealth).
 33755 | Vaults:2 | 33755 ||| Stepping ~*~*~tactically~*~*~ (hiding).
 33760 | Vaults:2 | 33760 ||| Stepping ~*~*~tactically~*~*~ (hiding).
 33792 | Vaults:2 | 33792 ||| Stepping ~*~*~tactically~*~*~ (hiding).
 33797 | Vaults:2 | 33797 ||| INVOKING Finesse.
 33804 | Vaults:2 | Received a gift from Okawaru
 34103 | Vaults:2 | 34103 ||| UPGRADING to +0 tower shield.
 34113 | Vaults:2 | 34113 ||| DROPPING +2 kite shield of reflection.
 34165 | Vaults:3 | Noticed Margery
 34166 | Vaults:3 | 34166 ||| DRINKING 2 potions of resistance.
 34171 | Vaults:3 | 34171 ||| INVOKING Heroism.
 34172 | Vaults:3 | 34172 ||| INVOKING Finesse.
 34179 | Vaults:3 | Identified the +2 hat of Heriar {Will+ rCorr Str+2 Int+3
                  | Stlth+} (Okawaru gifted it to you on level 3 of the Vaults)
 34179 | Vaults:3 | Received a gift from Okawaru
 34184 | Vaults:3 | Killed Margery
 34189 | Vaults:3 | Reached XP level 20. HP: 126/134 MP: 20/27
 34206 | Vaults:3 | 34206 ||| Stepping ~*~*~tactically~*~*~ (hiding).
 34311 | Vaults:3 | 34311 ||| FLEEEEING.
 34321 | Vaults:3 | 34321 ||| Stepping ~*~*~tactically~*~*~ (hiding).
 34337 | Vaults:3 | 34337 ||| FLEEEEING.
 34338 | Vaults:3 | 34338 ||| FLEEEEING.
 34339 | Vaults:3 | 34339 ||| FLEEEEING.
 34340 | Vaults:3 | 34340 ||| FLEEEEING.
 34342 | Vaults:3 | 34342 ||| Stepping ~*~*~tactically~*~*~ (hiding).
 34344 | Vaults:3 | 34344 ||| Stepping ~*~*~tactically~*~*~ (hiding).
 34348 | Vaults:3 | 34348 ||| INVOKING Finesse.
 34455 | Vaults:3 | 34455 ||| Stepping ~*~*~tactically~*~*~ (hiding).
 34688 | Vaults:3 | 34688 ||| Stepping ~*~*~tactically~*~*~ (hiding).
 34717 | Vaults:3 | 34717 ||| INVOKING Heroism.
 34867 | Vaults:3 | 34867 ||| Stepping ~*~*~tactically~*~*~ (stealth).
 34868 | Vaults:3 | 34868 ||| Stepping ~*~*~tactically~*~*~ (stealth).
 34870 | Vaults:3 | 34870 ||| Stepping ~*~*~tactically~*~*~ (hiding).
 34872 | Vaults:3 | 34872 ||| Stepping ~*~*~tactically~*~*~ (hiding).
 34874 | Vaults:3 | 34874 ||| Stepping ~*~*~tactically~*~*~ (hiding).
 34893 | Vaults:3 | 34893 ||| Stepping ~*~*~tactically~*~*~ (hiding).
 34900 | Vaults:3 | Reached skill level 18 in Shields
 35085 | Vaults:3 | 35085 ||| Stepping ~*~*~tactically~*~*~ (stealth).
 35296 | Vaults:3 | 35296 ||| Stepping ~*~*~tactically~*~*~ (hiding).
 35711 | Vaults:3 | Found Iliof's Weapon Shop.
 35737 | Vaults:3 | 35737 ||| Stepping ~*~*~tactically~*~*~ (hiding).
 35765 | Vaults:3 | Received a gift from Okawaru
 35835 | Vaults:3 | 35835 ||| Stepping ~*~*~tactically~*~*~ (hiding).
 35836 | Vaults:3 | 35836 ||| Stepping ~*~*~tactically~*~*~ (hiding).
 35837 | Vaults:3 | 35837 ||| Stepping ~*~*~tactically~*~*~ (hiding).
 35985 | Vaults:3 | 35985 ||| UPGRADING to +2 hat of Heriar {Will+ rCorr Str+2
                  | Int+3 Stlth+}.
 35995 | Vaults:3 | 35995 ||| DROPPING +0 helmet.
 36044 | Vaults:4 | Noticed Sojobo
 36045 | Vaults:4 | 36045 ||| Stepping ~*~*~tactically~*~*~ (hiding).
 36046 | Vaults:4 | 36046 ||| FLEEEEING.
 36047 | Vaults:4 | 36047 ||| STAIRDANCE
 36151 | Vaults:4 | 36151 ||| INVOKING Heroism.
 36152 | Vaults:4 | 36152 ||| INVOKING Finesse.
 36174 | Vaults:4 | Killed Sojobo
 36174 | Vaults:4 | Received a gift from Okawaru
 36182 | Vaults:4 | Received a gift from Okawaru
 36209 | Vaults:4 | 36209 ||| Stepping ~*~*~tactically~*~*~ (hiding).
 36339 | Vaults:4 | 36339 ||| Stepping ~*~*~tactically~*~*~ (hiding).
 36341 | Vaults:4 | 36341 ||| Stepping ~*~*~tactically~*~*~ (hiding).
 36492 | Vaults:4 | Noticed Jory
 36494 | Vaults:4 | 36494 ||| Stepping ~*~*~tactically~*~*~ (hiding).
 36522 | Vaults:4 | Killed Jory
 36571 | Vaults:4 | 36571 ||| INVOKING Heroism.
 36573 | Vaults:4 | Received a gift from Okawaru
 36705 | Vaults:4 | 36705 ||| Stepping ~*~*~tactically~*~*~ (hiding).
 36916 | Vaults:4 | 36916 ||| Stepping ~*~*~tactically~*~*~ (hiding).
 36925 | Vaults:4 | 36925 ||| Stepping ~*~*~tactically~*~*~ (hiding).
 36926 | Vaults:4 | 36926 ||| Stepping ~*~*~tactically~*~*~ (hiding).
 37001 | Vaults:4 | Found Qaovoq's Antique Armour Shoppe.
 37113 | Vaults:4 | Found a transporter.
 37129 | Vaults:4 | Found a transporter.
 37131 | Vaults:4 | Found a one-way gate to the infinite horrors of the Abyss.
 37131 | Vaults:4 | Noticed Bailed's ghost (veteran MiMo)
 37204 | Vaults:4 | Received a gift from Okawaru
 37270 | Vaults:4 | 37270 ||| FLEEEEING.
 37271 | Vaults:4 | 37271 ||| FLEEEEING.
 37272 | Vaults:4 | 37272 ||| FLEEEEING.
 37278 | Vaults:4 | 37278 ||| FLEEEEING.
 37279 | Vaults:4 | 37279 ||| FLEEEEING.
 37629 | Vaults:4 | Identified the +0 scale mail "Emimecuc" {Harm rF+ MP-9}
                  | (Okawaru gifted it to you on level 4 of the Vaults)
 37629 | Vaults:4 | Received a gift from Okawaru
 37630 | Vaults:4 | Reached skill level 18 in Fighting
 37999 | Vaults:4 | Reached XP level 21. HP: 124/141 MP: 28/28
 38173 | Vaults:4 | Identified the +2 robe of Bitao {rN+ rCorr}
 38191 | Vaults:4 | 38191 ||| PLANNING SNAKE:4
 38584 | Snake:4  | Entered Level 4 of the Snake Pit
 38584 | Snake:4  | Noticed Mlioglotl
 38592 | Snake:4  | Killed Mlioglotl
 38646 | Snake:4  | 38646 ||| Stepping ~*~*~tactically~*~*~ (hiding).
 38716 | Snake:4  | 38716 ||| Stepping ~*~*~tactically~*~*~ (stealth).
 38922 | Snake:4  | Found Quotarea's Weapon Emporium.
 39105 | Snake:4  | 39105 ||| Stepping ~*~*~tactically~*~*~ (hiding).
 39204 | Snake:4  | 39204 ||| INVOKING Heroism.
 39218 | Snake:4  | 39218 ||| Stepping ~*~*~tactically~*~*~ (hiding).
 39220 | Snake:4  | 39220 ||| Stepping ~*~*~tactically~*~*~ (hiding).
 39235 | Snake:4  | 39235 ||| Stepping ~*~*~tactically~*~*~ (hiding).
 39260 | Snake:4  | 39260 ||| Stepping ~*~*~tactically~*~*~ (stealth).
 39439 | Snake:4  | 39439 ||| Stepping ~*~*~tactically~*~*~ (stealth).
 39444 | Snake:4  | Received a gift from Okawaru
 39458 | Snake:4  | Got a serpentine rune of Zot
 39572 | Snake:4  | Found Wuiptaed's Book Boutique.
 39573 | Snake:4  | Found Tefeffine's Jewellery Emporium.
 39573 | Snake:4  | Found Lupluar's Jewellery Emporium.
 39582 | Snake:4  | 39582 ||| BUYING +4 ring of protection (396 gold).
 39582 | Snake:4  | Bought a +4 ring of protection for 396 gold pieces
 39582 | Snake:4  | 39582 ||| BUYING ring of resist corrosion (220 gold).
 39582 | Snake:4  | Bought a ring of resist corrosion for 220 gold pieces
 39586 | Snake:4  | 39586 ||| BUYING +5 ring of evasion (648 gold).
 39586 | Snake:4  | Bought a +5 ring of evasion for 648 gold pieces
 39586 | Snake:4  | 39586 ||| BUYING +5 ring of evasion (648 gold).
 39586 | Snake:4  | Bought a +5 ring of evasion for 648 gold pieces
 39586 | Snake:4  | 39586 ||| BUYING amulet of Huirph {Acrobat Harm Regen+
                  | MP+9} (1006 gold).
 39586 | Snake:4  | Bought the amulet of Huirph {Acrobat Harm Regen+ MP+9} for
                  | 1006 gold pieces
 39586 | Snake:4  | 39586 ||| SHOPLISTING ring of Coxenniyqe {Will+ rCorr
                  | Str+6} (975 gold, have 307).
 39586 | Snake:4  | 39586 ||| PLANNING DEPTHS
 39586 | Snake:4  | 39586 ||| UPGRADING to +4 ring of protection.
 39588 | Snake:4  | 39588 ||| UPGRADING to +5 ring of evasion.
 39590 | Snake:4  | 39590 ||| DROPPING +4 ring of protection.
 39591 | Snake:4  | 39591 ||| DROPPING +6 ring of strength.
 39592 | Snake:4  | 39592 ||| UPGRADING to +5 ring of evasion.
 39594 | Snake:4  | 39594 ||| DROPPING +4 ring of protection.
 39926 | Depths:1 | Entered Level 1 of the Depths
 39975 | Depths:1 | Received a gift from Okawaru
 40025 | Depths:1 | 40025 ||| Stepping ~*~*~tactically~*~*~ (stealth).
 40026 | Depths:1 | 40026 ||| Stepping ~*~*~tactically~*~*~ (stealth).
 40027 | Depths:1 | 40027 ||| Stepping ~*~*~tactically~*~*~ (stealth).
 40030 | Depths:1 | Found a broken altar of Ashenzari.
 40035 | Depths:1 | 40035 ||| Stepping ~*~*~tactically~*~*~ (hiding).
 40038 | Depths:1 | 40038 ||| Stepping ~*~*~tactically~*~*~ (hiding).
 40107 | Depths:1 | 40107 ||| Stepping ~*~*~tactically~*~*~ (hiding).
 40222 | Depths:1 | 40222 ||| Stepping ~*~*~tactically~*~*~ (stealth).
 40223 | Depths:1 | 40223 ||| Stepping ~*~*~tactically~*~*~ (stealth).
 40279 | Depths:1 | Received a gift from Okawaru
 40313 | Depths:1 | 40313 ||| Stepping ~*~*~tactically~*~*~ (stealth).
 40314 | Depths:1 | 40314 ||| Stepping ~*~*~tactically~*~*~ (hiding).
 40315 | Depths:1 | 40315 ||| Stepping ~*~*~tactically~*~*~ (hiding).
 40361 | Depths:1 | 40361 ||| Stepping ~*~*~tactically~*~*~ (stealth).
 40363 | Depths:1 | 40363 ||| Stepping ~*~*~tactically~*~*~ (stealth).
 40560 | Depths:1 | 40560 ||| INVOKING Heroism.
 40561 | Depths:1 | 40561 ||| INVOKING Finesse.
 40647 | Depths:1 | 40647 ||| Stepping ~*~*~tactically~*~*~ (hiding).
 40692 | Depths:1 | Found a gateway to Hell.
 40870 | Depths:1 | Gained mutation: You occasionally lose the ability to read
                  | scrolls when taking damage. [a neqoxec]
 40872 | Depths:1 | 40872 ||| DRINKING 13 potions of mutation.
 40872 | Depths:1 | Lost mutation: Your flesh is cold resistant. (rC+) [potion
                  | of mutation]
 40872 | Depths:1 | Lost mutation: You possess an exceptional clarity of mind.
                  | [potion of mutation]
 40872 | Depths:1 | Gained mutation: Your body sometimes deteriorates upon
                  | taking damage. [potion of mutation]
 40873 | Depths:1 | 40873 ||| DRINKING 12 potions of mutation.
 40873 | Depths:1 | Lost mutation: Your body sometimes deteriorates upon taking
                  | damage. [potion of mutation]
 40873 | Depths:1 | Lost mutation: You occasionally lose the ability to read
                  | scrolls when taking damage. [potion of mutation]
 40873 | Depths:1 | Gained mutation: You expend magic power (3 MP) to
                  | strengthen your wands. [potion of mutation]
 40873 | Depths:1 | Gained mutation: You are partially covered in iridescent
                  | scales. (AC +2) [potion of mutation]
 40873 | Depths:1 | Gained mutation: You have sharp toenails. [potion of
                  | mutation]
 40903 | Depths:1 | Found a one-way gate leading to the halls of Pandemonium.
 40904 | Depths:1 | 40904 ||| Stepping ~*~*~tactically~*~*~ (hiding).
 40907 | Depths:1 | Gained mutation: Armour fits poorly on your strangely
                  | shaped body. [a cacodemon]
 40909 | Depths:1 | Gained mutation: Your magical capacity is low. (-10% MP) [a
                  | cacodemon]
 41012 | Depths:1 | 41012 ||| DRINKING 11 potions of mutation.
 41012 | Depths:1 | Lost mutation: You have sharp toenails. [potion of
                  | mutation]
 41012 | Depths:1 | Lost mutation: Your magical capacity is low. (-10% MP)
                  | [potion of mutation]
 41012 | Depths:1 | Lost mutation: You expend magic power (3 MP) to strengthen
                  | your wands. [potion of mutation]
 41012 | Depths:1 | Gained mutation: You are clumsy. (Dex -2) [potion of
                  | mutation]
 41012 | Depths:1 | Gained mutation: You are covered in fur. (AC +1) [potion of
                  | mutation]
 41012 | Depths:1 | Gained mutation: You have a pair of small horns on your
                  | head. [potion of mutation]
 41013 | Depths:1 | 41013 ||| DRINKING 10 potions of mutation.
 41013 | Depths:1 | Lost mutation: You are partially covered in iridescent
                  | scales. (AC +2) [potion of mutation]
 41013 | Depths:1 | Lost mutation: You are clumsy. (Dex -2) [potion of
                  | mutation]
 41013 | Depths:1 | Lost mutation: You are covered in fur. (AC +1) [potion of
                  | mutation]
 41013 | Depths:1 | Gained mutation: You are agile. (Dex +4, Str/Int -1)
                  | [potion of mutation]
 41013 | Depths:1 | Gained mutation: You are very agile. (Dex +8, Str/Int -2)
                  | [potion of mutation]
 41014 | Depths:1 | 41014 ||| DRINKING 9 potions of mutation.
 41014 | Depths:1 | Lost mutation: You are very agile. (Dex +8, Str/Int -2)
                  | [potion of mutation]
 41014 | Depths:1 | Lost mutation: Armour fits poorly on your strangely shaped
                  | body. [potion of mutation]
 41014 | Depths:1 | Gained mutation: You are robust. (+10% HP) [potion of
                  | mutation]
 41079 | Depths:1 | Identified the +1 pair of gloves of Wusalyome {rElec rF+
                  | Dex+4 SInv} (Okawaru gifted it to you on level 1 of the
                  | Depths)
 41079 | Depths:1 | Received a gift from Okawaru
 41504 | Depths:1 | 41504 ||| UPGRADING to +1 pair of gloves of Wusalyome
                  | {rElec rF+ Dex+4 SInv}.
 41514 | Depths:1 | 41514 ||| DROPPING +1 pair of gloves.
 41515 | Depths:1 | 41515 ||| DROPPING +1 cloak.
 41641 | Depths:2 | 41641 ||| Stepping ~*~*~tactically~*~*~ (hiding).
 41719 | Depths:2 | Identified the +1 short sword of Obsession {venom, *Slow
                  | rElec rPois rF+++}
 41764 | Depths:2 | Reached skill level 9 in Dodging
 41858 | Depths:2 | Found Yxeicla's Antique Weapon Boutique.
 41860 | Depths:2 | Found Anap's Magic Scroll Shop.
 41862 | Depths:2 | Found Loliw's Armour Boutique.
 41880 | Depths:2 | 41880 ||| Stepping ~*~*~tactically~*~*~ (stealth).
 41882 | Depths:2 | 41882 ||| INVOKING Heroism.
 41883 | Depths:2 | 41883 ||| INVOKING Finesse.
 42096 | Depths:2 | 42096 ||| Stepping ~*~*~tactically~*~*~ (hiding).
 42324 | Depths:2 | 42324 ||| Stepping ~*~*~tactically~*~*~ (hiding).
 42372 | Depths:2 | 42372 ||| Stepping ~*~*~tactically~*~*~ (stealth).
 42374 | Depths:2 | 42374 ||| Stepping ~*~*~tactically~*~*~ (stealth).
 42379 | Depths:2 | 42379 ||| Stepping ~*~*~tactically~*~*~ (hiding).
 42383 | Depths:2 | 42383 ||| Stepping ~*~*~tactically~*~*~ (hiding).
 42559 | Depths:3 | 42559 ||| INVOKING Heroism.
 42566 | Depths:3 | Reached XP level 22. HP: 110/163 MP: 27/29
 42584 | Depths:3 | Reached skill level 18 in Armour
 42605 | Depths:3 | 42605 ||| INVOKING Heroism.
 42615 | Depths:3 | 42615 ||| INVOKING Finesse.
 42712 | Depths:3 | 42712 ||| FLEEEEING.
 42713 | Depths:3 | 42713 ||| FLEEEEING.
 42714 | Depths:3 | 42714 ||| STAIRDANCE
 42880 | Depths:3 | 42880 ||| INVOKING Finesse.
 42942 | Depths:3 | 42942 ||| INVOKING Finesse.
 43044 | Depths:3 | 43044 ||| Stepping ~*~*~tactically~*~*~ (hiding).
 43045 | Depths:3 | 43045 ||| Stepping ~*~*~tactically~*~*~ (hiding).
 43058 | Depths:3 | 43058 ||| INVOKING Heroism.
 43059 | Depths:3 | Received a gift from Okawaru
 43114 | Depths:3 | 43114 ||| Stepping ~*~*~tactically~*~*~ (stealth).
 43115 | Depths:3 | 43115 ||| Stepping ~*~*~tactically~*~*~ (stealth).
 43118 | Depths:3 | 43118 ||| Stepping ~*~*~tactically~*~*~ (stealth).
 43139 | Depths:3 | 43139 ||| Stepping ~*~*~tactically~*~*~ (stealth).
 43185 | Depths:3 | 43185 ||| Stepping ~*~*~tactically~*~*~ (stealth).
 43484 | Depths:3 | Noticed a juggernaut
 43485 | Depths:3 | 43485 ||| Stepping ~*~*~tactically~*~*~ (stealth).
 43487 | Depths:3 | 43487 ||| INVOKING Heroism.
 43488 | Depths:3 | 43488 ||| INVOKING Finesse.
 43501 | Depths:3 | Killed a juggernaut
 43552 | Depths:3 | 43552 ||| Stepping ~*~*~tactically~*~*~ (stealth).
 43567 | Depths:3 | 43567 ||| INVOKING Heroism.
 43575 | Depths:3 | 43575 ||| INVOKING Finesse.
 43632 | Depths:3 | 43632 ||| Stepping ~*~*~tactically~*~*~ (stealth).
 43633 | Depths:3 | 43633 ||| Stepping ~*~*~tactically~*~*~ (stealth).
 43634 | Depths:3 | 43634 ||| Stepping ~*~*~tactically~*~*~ (stealth).
 43635 | Depths:3 | 43635 ||| Stepping ~*~*~tactically~*~*~ (stealth).
 43636 | Depths:3 | 43636 ||| Stepping ~*~*~tactically~*~*~ (stealth).
 43654 | Depths:3 | 43654 ||| Stepping ~*~*~tactically~*~*~ (stealth).
 43655 | Depths:3 | 43655 ||| Stepping ~*~*~tactically~*~*~ (stealth).
 43658 | Depths:3 | 43658 ||| INVOKING Heroism.
 43659 | Depths:3 | 43659 ||| INVOKING Finesse.
 43673 | Depths:3 | 43673 ||| Stepping ~*~*~tactically~*~*~ (hiding).
 43687 | Depths:3 | Identified the +1 shortbow "Lurgh" {freeze, rN+ Int+5
                  | Dex-4}
 43687 | Depths:3 | Identified the ring of the Cockatrice {Ice rN+ Will- Int+2
                  | Slay+3}
 43691 | Depths:3 | Noticed a juggernaut
 43702 | Depths:3 | Killed a juggernaut
 43720 | Depths:3 | Noticed a juggernaut
 43721 | Depths:3 | 43721 ||| INVOKING Heroism.
 43730 | Depths:3 | Killed a juggernaut
 43746 | Depths:3 | 43746 ||| Stepping ~*~*~tactically~*~*~ (hiding).
 43818 | Depths:3 | 43818 ||| Stepping ~*~*~tactically~*~*~ (hiding).
 43831 | Depths:3 | 43831 ||| INVOKING Heroism.
 43956 | Depths:3 | 43956 ||| Stepping ~*~*~tactically~*~*~ (stealth).
 43988 | Depths:3 | 43988 ||| Stepping ~*~*~tactically~*~*~ (hiding).
 44001 | Depths:3 | 44001 ||| Stepping ~*~*~tactically~*~*~ (hiding).
 44004 | Depths:3 | 44004 ||| INVOKING Heroism.
 44114 | Depths:3 | Identified the +4 ring mail of Perpetual Drought {Fly Str+2
                  | Int-5 Dex+4}
 44246 | Depths:3 | You are sucked into a shaft and drop 1 floor!
 44246 | Depths:4 | Entered Level 4 of the Depths
 44275 | Depths:4 | Received a gift from Okawaru
 44278 | Depths:4 | 44278 ||| INVOKING Heroism.
 44293 | Depths:4 | Received a gift from Okawaru
 44354 | Depths:4 | 44354 ||| INVOKING Heroism.
 44406 | Depths:4 | Noticed a caustic shrike
 44407 | Depths:4 | 44407 ||| INVOKING Heroism.
 44408 | Depths:4 | 44408 ||| INVOKING Finesse.
 44408 | Depths:4 | Noticed a caustic shrike
 44413 | Depths:4 | Killed a caustic shrike
 44415 | Depths:4 | Killed a caustic shrike
 44419 | Depths:4 | Noticed a caustic shrike
 44436 | Depths:4 | Killed a caustic shrike
 44526 | Depths:4 | 44526 ||| Stepping ~*~*~tactically~*~*~ (stealth).
 44528 | Depths:4 | 44528 ||| Stepping ~*~*~tactically~*~*~ (hiding).
 44586 | Depths:4 | 44586 ||| Stepping ~*~*~tactically~*~*~ (stealth).
 44588 | Depths:4 | 44588 ||| Stepping ~*~*~tactically~*~*~ (hiding).
 44613 | Depths:4 | Noticed a golden dragon
 44614 | Depths:4 | 44614 ||| INVOKING Heroism.
 44615 | Depths:4 | 44615 ||| INVOKING Finesse.
 44625 | Depths:4 | Killed a golden dragon
 44643 | Depths:4 | 44643 ||| Stepping ~*~*~tactically~*~*~ (stealth).
 44660 | Depths:4 | Found a gate to the Realm of Zot.
 44704 | Depths:4 | Reached XP level 23. HP: 125/171 MP: 30/30
 44877 | Depths:4 | Found a one-way gateway to a ziggurat.
 44889 | Depths:4 | 44889 ||| INVOKING Heroism.
 44923 | Depths:4 | Identified the +0 cloak of Ylilleav {rElec Will- rCorr
                  | Stlth+}
 45012 | Depths:4 | Received a gift from Okawaru
 45044 | Depths:3 | Found a white marble altar of Elyvilon.
 45413 | Depths:4 | 45413 ||| PLANNING VAULTS:5
 45692 | Vaults:5 | Entered Level 5 of the Vaults
 45698 | Vaults:5 | Reached skill level 21 in Shields
 45700 | Vaults:5 | 45700 ||| INVOKING Heroism.
 45702 | Vaults:5 | 45702 ||| INVOKING Finesse.
 45710 | Vaults:5 | Received a gift from Okawaru
 45720 | Vaults:5 | Received a gift from Okawaru
 45742 | Vaults:5 | Received a gift from Okawaru
 45745 | Vaults:5 | Reached skill level 21 in Fighting
 45797 | Vaults:5 | Received a gift from Okawaru
 45799 | Vaults:5 | Reached skill level 12 in Throwing
 45822 | Vaults:5 | 45822 ||| INVOKING Heroism.
 45823 | Vaults:5 | 45823 ||| INVOKING Finesse.
 45826 | Vaults:5 | HP: 33/176 [vault warden/+1 bardiche of protection (16)]
 45826 | Vaults:5 | HP: 12/176 [titan/the air (21)]
 45827 | Vaults:5 | 45827 ||| READING 8 scrolls of teleportation.
 45828 | Vaults:5 | 45828 ||| DRINKING 5 potions of heal wounds.
 45829 | Vaults:5 | 45829 ||| DRINKING 4 potions of heal wounds.
 45841 | Vaults:5 | HP: 30/176 [quicksilver dragon/bolt of dispelling energy
                  | (21)]
 45841 | Vaults:5 | Killed from afar by a titan

Levels and vault maps discovered:
D:1:      eino_arrival_water_cross, layout_basic,
          hellmonk_ecumenical_altar_watching_god, minmay_unequal
D:2:      layout_loops_ring, basic_altar, minmay_pentomino_z4
D:3:      layout_loops_corners, lemuel_doored_altar, serial_shops, shop, shop,
          nicolae_shop_tiny_statue_garden
D:4:      gammafunk_steamed_eel, layout_loops_ring,
          mainiacjoe_overflow_alcove_3, minmay_temple_entry_glass,
          gup_sewer_entry_pipe, serial_shops, shop, uniq_natasha
D:5:      layout_cave_pods, uniq_duvessa
D:6:      layout_basic, uniq_eustachio
D:7:      layout_basic, kiku_gazebo_garden_becter
D:8:      layout_cave_pools, mainiacjoe_overflow_small_starburst,
          dpeg_oklobed_lair, grunt_decor_resistance
D:9:      layout_stronghold, lightli_temple_of_fire, uniq_maurice, uniq_amaemon,
          uniq_harold
D:10:     statuecave_lemuel, layout_stronghold, enter_bailey_6
D:11:     layout_roguey, orc_david_3, serial_shops, shop
D:12:     nicolae_hexawheel, layout_loops_ring, nicolae_trove_entry_crystal,
          serial_shops, nicolae_shop_window_shopping
D:13:     layout_stronghold
D:14:     layout_irregular_city, lightli_vaults_fourway_checkpoint,
          grunt_decor_arrowhead, uniq_nessos
D:15:     hangedman_depths_entry_try_elsewhere_first, layout_basic, minivault_23
Temple:   nicolae_temple_ecumenical_triangle
Lair:1:   layout_small_grid, serial_bayou_shore_b, grunt_megastairs_4,
          lemuel_fruit_fields, serial_bayou_shore_a
Lair:2:   layout_hall_layers, minmay_snake_entry_six_corridors,
          hangedman_lair_generics_rect
Lair:3:   layout_gridlike, nicolae_swamp_entry_splash_gauntlet, basic_altar
Lair:4:   layout_regular_city, grunt_megastairs_1
Lair:5:   minmay_lair_end_frog_pond, layout_gridlike,
          minmay_slime_entry_pillars, uniq_kirke
Swamp:1:  layout_basic_swamp, gammafunk_ghost_berserking_beasts,
          hangedman_swamp_ruin_wall, swamp_pool3,
          nicolae_swamp_hydra_murder_den, uniq_donald
Swamp:2:  layout_basic_swamp, evilmike_swamp_ruin_house_3, swamp_pool4,
          nzn_swamp_stair_ambush, infiniplex_staircase_pool
Swamp:3:  layout_basic_swamp, evilmike_swamp_ruin_rubble_1, swamp_pool1,
          hangedman_swamp_wriggling, uniq_jorgrun
Swamp:4:  swamp_alternative, layout_basic_swamp, uniq_mara
Snake:1:  layout_rooms, grunt_megastairs_5, uniq_aizul
Snake:2:  layout_chambers, basic_altar, uniq_vashnia
Snake:3:  layout_layer_cave, nicolae_shop_clearance
Snake:4:  grunt_snake_rune_serpentine_throne, layout_rooms, serial_shops,
          nicolae_shop_pleasant_corner_grove, grunt_megastairs_3,
          minmay_shop_grove, uniq_mlioglotl
Orc:1:    layout_caves, uniq_snorg
Orc:2:    grunt_orc_gardens, layout_caves, grunt_orc_garden, grunt_orc_garden,
          grunt_orc_garden, grunt_orc_garden
Vaults:1: nicolae_vaults_storage_closets_3, nicolae_vaults_bisected_slash,
          vaults_room_grunt_arrival_checkpoint, vaults_room_fours,
          hangedman_vaults_impose, hangedman_vaults_cutoff,
          hangedman_vaults_corner_blocks, nicolae_vaults_ring_of_whatevers,
          dpeg_vaults_monster_row, nicolae_vaults_specimen_jars,
          hangedman_vaults_restitches, nicolae_vaults_double_plus_2,
          nicolae_vaults_gold_heap, ontoclasm_vaults_bender,
          grunt_vaults_hallway_short, layout_vaults_omnibox
Vaults:2: minmay_crypt_entry_simple_plaza, nicolae_vaults_more_shelving_2,
          vaults_mumra_minichess, nicolae_vaults_border_crossing,
          grunt_vaults_trifunnel, ontoclasm_vaults_decontamination,
          nicolae_vaults_closet_pinwheel_1, v_alt_pattern_4,
          nicolae_vaults_trapezoid_4, hangedman_vaults_variations,
          nicolae_vaults_trapezoid_lopsided_2, nicolae_vaults_theta,
          layout_vaults_big_cross, serial_shops, nicolae_diamond_shop
Vaults:3: v_misc_31, hangedman_vaults_stagger, v_misc_33,
          nicolae_vaults_diamond_1, v_rooms_6, v_misc_28,
          nicolae_vaults_diamond_2, nicolae_vaults_double_plus_1,
          nicolae_vaults_asterisk, ontoclasm_vaults_claustrophobia,
          nicolae_vaults_six-pack, layout_vaults_maze_snakey, serial_shops,
          shop, uniq_margery
Vaults:4: gammafunk_ghost_abyssal_escape, hangedman_vaults_slither,
          nicolae_vaults_bisected_exclaves, nicolae_vaults_yaktaur_gun_rack,
          nicolae_vaults_closet_pinwheel_6, nicolae_vaults_double_plus_1,
          nicolae_vaults_more_shelving_1, hangedman_vaults_slice,
          nicolae_vaults_little_squares_5, layout_vaults_omnigrid, serial_shops,
          shop, uniq_sojobo, uniq_jory
Vaults:5
Depths:1: layout_cave_shapes, rand_demon_pan_entry_4, ashenzari_altar_1,
          pf_hell_entry_tar_spiral, hangedman_cracks_in_the_wall
Depths:2: minmay_mutant_horseshoe, layout_gridlike, pan_entry,
          chequers_serial_rivers_micro_a, hell_entry, hangedman_decor_opposing,
          minmay_misc_feat_encased, minmay_staircase_windowed_small,
          minmay_shop_star, serial_bayou_shore_b
Depths:3: minmay_nine_rooms, layout_cross, grunt_pan_entry_zigzag,
          elyvilon_altar_1, marbit_kobold_abyss_entry, grunt_mini_vestibule,
          grunt_decor_fettered, minmay_gold_behind_fungi
Depths:4: evilmike_zot_entry_round, layout_cave_shapes, enter_ziggurat_d,
          nemelex_diamond_rough_becter, hell_entry

Skill      XL: |  1  2  3  4  5  6  7  8  9 10 11 12 13 14 15 16 17 18 19 20 21 22 23 |
---------------+----------------------------------------------------------------------+-----
Axes           | 2 3 4 5 6 7 8 9 11 12 13 14 16 17 18 | 18.0
Dodging        | 1 2 3 4 5 6 7 10 11 | 11.0
Fighting       | 4 5 6 8 9 10 11 12 13 14 16 17 18 19 20 21 | 21.0
Armour         | 4 5 7 8 10 11 12 14 15 17 19 | 19.4
Throwing       | 1 3 4 5 7 8 9 10 11 12 | 12.0
Invocations    | 4 5 9 10 | 10.0
Shields        | 4 5 6 7 8 12 14 15 16 19 20 21 | 21.0

Action                     |  1- 3 |  4- 6 |  7- 9 | 10-12 | 13-15 | 16-18 | 19-21 | 22-24 || total
---------------------------+-------+-------+-------+-------+-------+-------+-------+-------++-------
  Melee: War axe           |   117 |    77 |       |       |       |       |       |       ||   194
         Broad axe         |       |    27 |   156 |   277 |   737 |  1097 |  1290 |   650 ||  4234
         Morningstar       |       |       |       |       |     8 |       |       |       ||     8
         Demon whip        |       |       |       |       |    42 |    48 |       |       ||    90
         Headbutt          |       |       |       |       |       |       |    68 |   232 ||   300
  Throw: Boomerang         |    13 |    33 |    41 |     7 |    11 |    24 |     3 |     1 ||   133
         Javelin           |       |       |       |    43 |   157 |    89 |   174 |    36 ||   499
 Invoke: Heroism           |       |       |     7 |    26 |    22 |    46 |    12 |    15 ||   128
         Finesse           |       |       |       |     1 |     5 |     2 |     8 |    10 ||    26
    Use: Potion            |     4 |     1 |     1 |     1 |       |     1 |     7 |     2 ||    17
         Scroll            |     3 |     7 |     7 |     9 |     4 |     2 |     1 |     1 ||    34
   Stab: Distracted        |       |       |       |       |       |     1 |     1 |       ||     2
         Confused          |       |       |       |       |       |     3 |       |       ||     3
         Petrified         |       |       |       |       |       |       |    13 |       ||    13
 Armour: Scale mail        |    62 |       |       |       |       |       |       |       ||    62
         Chain mail        |    22 |    56 |       |       |       |       |       |       ||    78
         Plate armour      |       |    19 |    69 |   169 |   431 |   733 |   445 |   180 ||  2046
  Dodge: Dodged            |    64 |    37 |    43 |   102 |   252 |   412 |   271 |   323 ||  1504
  Block: Buckler           |    27 |    16 |    36 |    77 |   206 |    60 |       |       ||   422
         Kite shield       |       |       |       |       |       |   583 |   142 |       ||   725
         Reflection        |       |       |       |       |       |    64 |     3 |       ||    67
         Tower shield      |       |       |       |       |       |       |   620 |   556 ||  1176

Table legend:
 A = Non-vault XP
 B = Vault XP
 C = Vault XP percentage of total XP
 D = Non-vault monster count
 E = Vault monster count
 F = Vault count percentage of total count
                 A         B        C        D         E       F
            +---------+---------+-------+---------+---------+-------
      Total |  436478 |  344827 |  44.1 |    1056 |     526 |  33.2
            +---------+---------+-------+---------+---------+-------
        D:1 |      58 |       0 |   0.0 |      27 |       0 |   0.0
        D:2 |      26 |      16 |  38.1 |      15 |       3 |  16.7
        D:3 |     150 |       0 |   0.0 |      26 |       0 |   0.0
        D:4 |     557 |      49 |   8.1 |      22 |       7 |  24.1
        D:5 |    1093 |     198 |  15.3 |      30 |       2 |   6.2
        D:6 |     531 |     197 |  27.1 |      11 |       1 |   8.3
        D:7 |    2627 |       0 |   0.0 |      31 |       0 |   0.0
        D:8 |    1259 |       0 |   0.0 |      22 |       0 |   0.0
        D:9 |    1928 |    2490 |  56.4 |      11 |       4 |  26.7
       D:10 |    3313 |       0 |   0.0 |      29 |       0 |   0.0
       D:11 |    1445 |     286 |  16.5 |      13 |       5 |  27.8
       D:12 |    3586 |   12871 |  78.2 |      18 |      22 |  55.0
       D:13 |    5488 |       0 |   0.0 |      13 |       0 |   0.0
       D:14 |    9559 |    8111 |  45.9 |      25 |      13 |  34.2
       D:15 |   12527 |    2148 |  14.6 |      29 |       4 |  12.1
     Lair:1 |    4180 |     147 |   3.4 |      16 |       1 |   5.9
     Lair:2 |    3597 |    4051 |  53.0 |      10 |      16 |  61.5
     Lair:3 |   11042 |    2092 |  15.9 |      39 |       7 |  15.2
     Lair:4 |    6168 |    2269 |  26.9 |      27 |       8 |  22.9
     Lair:5 |   12732 |   11981 |  48.5 |      37 |      40 |  51.9
    Swamp:1 |   11364 |    1393 |  10.9 |      18 |       1 |   5.3
    Swamp:2 |   11030 |    4305 |  28.1 |      22 |       5 |  18.5
    Swamp:3 |   12803 |    3371 |  20.8 |      29 |       8 |  21.6
    Swamp:4 |   16417 |   21072 |  56.2 |      28 |      30 |  51.7
    Snake:1 |    9130 |    3107 |  25.4 |      20 |       5 |  20.0
    Snake:2 |   19951 |    5283 |  20.9 |      41 |       4 |   8.9
    Snake:3 |   19930 |       0 |   0.0 |      36 |       0 |   0.0
    Snake:4 |   10771 |   27322 |  71.7 |      19 |      37 |  66.1
      Orc:1 |    5379 |     942 |  14.9 |      48 |       1 |   2.0
      Orc:2 |    3587 |    8573 |  70.5 |      31 |      26 |  45.6
   Vaults:1 |   22060 |   24395 |  52.5 |      31 |      32 |  50.8
   Vaults:2 |   27977 |   30806 |  52.4 |      35 |      38 |  52.1
   Vaults:3 |   28409 |   34713 |  55.0 |      54 |      44 |  44.9
   Vaults:4 |   20257 |   21075 |  51.0 |      33 |      23 |  41.1
   Vaults:5 |   14612 |   48704 |  76.9 |      25 |      51 |  67.1
   Depths:1 |   27241 |    8134 |  23.0 |      35 |      17 |  32.7
   Depths:2 |   22380 |       0 |   0.0 |      29 |       0 |   0.0
   Depths:3 |   28328 |   38606 |  57.7 |      31 |      29 |  48.3
   Depths:4 |   42986 |   15919 |  27.0 |      40 |      12 |  23.1
      Sewer |       0 |     201 | 100.0 |       0 |      30 | 100.0
            +---------+---------+-------+---------+---------+-------
